 Dungeon Crawl Stone Soup version 0.28-a0-511-gcc94558de3 (webtiles) character file.

Game seed: 12246015675608618832

686505 spiderkeys the Corrupter of Planes (level 27, -12/248 HPs)
             Began as a Gnoll Abyssal Knight on Sept 21, 2021.
             Was the Champion of Lugonu.
             Killed from afar by a Killer Klown (39 damage)
             ... with a klown pie
             ... on level 5 of the Realm of Zot on Sept 22, 2021.
             The game lasted 04:54:20 (86545 turns).

spiderkeys the Corrupter of Planes (GnAK)          Turns: 86545, Time: 04:54:21

Health: -12/248    AC: 28    Str: 34    XL:     27
Magic:  46/46      EV: 26    Int: 12    God:    Lugonu [******]
Gold:   4932       SH:  0    Dex: 20    Spells: 9/65 levels left

rFire   + + +      SeeInvis +   W - +8 glaive of the Guard {elec, spectral, AC+5}
rCold   . . .      Faith    .   (shield currently unavailable)
rNeg    . . .      Spirit   .   E - +5 leather armour of Resilience {rPois Str-2 Dex+7}
rPois   +          Reflect  .   d - +2 hood of the Assassin {Detection Stab+ Stlth++}
rElec   +          Harm     +   I - +3 cloak "Lauliwnung" {Harm rCorr SInv}
rCorr   +          Rampage  .   X - +2 pair of gloves {archery}
Will    ++...                   t - +0 pair of boots of Eternal Vigilance {rPois Str+4 Slay+2}
Stlth   ++++++++..              M - amulet "Ymatuf Ycse" {RegenMP Regen+ Str+7}
HPRegen 1.51/turn               Y - +4 ring of slaying
MPRegen 0.55/turn               S - ring of the Thistle {rElec rF+++ rCorr Str+6 Int-2}

@: silenced, studying Crossbows
A: fangs 1, strong nose, distributed training, horns 1, dopey 1, robust 1
}: 5/15 runes: barnacled, slimy, silver, abyssal, gossamer
a: Renounce Religion


You were on level 5 of the Realm of Zot.
You worshipped Lugonu.
Lugonu was exalted by your worship.
You visited 11 branches of the dungeon, and saw 56 of its levels.
You visited the Abyss 9 times.
You also visited: Gauntlet, Ice Cave and Volcano.

You collected 12719 gold pieces.
You spent 7787 gold pieces at shops.


Innate Abilities, Weirdness & Mutations

You have very sharp teeth.
Your uncanny sense of smell can sniff out nearby items.
Your experience applies equally to all skills.
You have a pair of small horns on your head.
You are dopey. (Int -2)
You are robust. (+10% HP)


   Skills:
 + Level 20.4 Fighting
 + Level 19.5 Short Blades
 + Level 19.5 Long Blades
 + Level 19.5 Axes
 + Level 19.5 Maces & Flails
 + Level 20.0 Polearms
 + Level 19.5 Staves
 + Level 19.5 Slings
 + Level 19.5 Bows
 + Level 20.9 Crossbows
 + Level 19.5 Throwing
 + Level 20.0 Armour
 + Level 19.7 Dodging
 + Level 19.5 Stealth
 + Level 19.5 Shields
 + Level 19.5 Unarmed Combat
 + Level 19.5 Spellcasting
 + Level 16.6 Conjurations
 + Level 16.6 Hexes
 + Level 16.6 Summonings
 + Level 16.6 Necromancy
 + Level 16.6 Translocations
 + Level 16.6 Transmutations
 + Level 16.6 Fire Magic
 + Level 16.6 Ice Magic
 + Level 16.6 Air Magic
 + Level 16.6 Earth Magic
 + Level 16.6 Poison Magic
 + Level 21.5 Invocations
 + Level 19.5 Evocations


You had 9 spell levels left.
You knew the following spells:

 Your Spells              Type           Power      Damage    Failure   Level
a - Apportation           Tloc           100%       N/A       0%          1
c - Death Channel         Necr           25%        N/A       1%          6
d - Tukima's Dance        Hex            51%        N/A       0%          3
e - Ensorcelled Hibernat  Hex/Ice        100%       N/A       0%          2
f - Fireball              Conj/Fire      25%        3d11      1%          5
i - Ozocubu's Armour      Ice            51%        N/A       0%          3
n - Dispel Undead         Necr           51%        3d19      1%          4
o - Olgreb's Toxic Radia  Pois           51%        N/A       1%          4
p - Poisonous Vapours     Pois/Air       100%       N/A       0%          2
r - Irradiate             Conj/Tmut      25%        3d22      1%          5
s - Statue Form           Tmut/Erth      34%        N/A       1%          6
t - Teleport Other        Tloc           51%        N/A       0%          3
u - Necromutation         Tmut/Necr      25%        N/A       32%         8
X - Iskenderun's Mystic   Conj/Tloc      51%        2d11      1%          4

Your spell library contained the following spells:

 Spells                   Type           Power      Damage    Failure   Level
 Animate Skeleton         Necr           100%       N/A       0%          1
 Beastly Appendage        Tmut           100%       N/A       0%          1
 Pain                     Necr           100%       1d9       0%          1
 Sandblast                Erth           100%       2d20      0%          1
 Shock                    Conj/Air       100%       1d9       0%          1
 Summon Small Mammal      Summ           100%       N/A       0%          1
 Call Imp                 Summ           51%        N/A       0%          2
 Corpse Rot               Necr/Air       N/A        N/A       0%          2
 Passwall                 Tmut/Erth      42%        N/A       0%          2
 Static Discharge         Conj/Air       51%        N/A       0%          2
 Sublimation of Blood     Necr           25%        N/A       0%          2
 Wereblood                Tmut           51%        N/A       0%          2
 Call Canine Familiar     Summ           51%        N/A       0%          3
 Conjure Flame            Conj/Fire      51%        6-21      0%          3
 Dazzling Flash           Conj/Hex       100%       N/A       0%          3
 Gell's Gravitas          Tloc           25%        N/A       0%          3
 Ignite Poison            Fire/Tmut/Pois 51%        N/A       0%          3
 Mephitic Cloud           Conj/Pois/Air  51%        N/A       0%          3
 Portal Projectile        Hex/Tloc       100%       N/A       0%          3
 Spider Form              Tmut/Pois      25%        N/A       0%          3
 Stone Arrow              Conj/Erth      100%       3d13      0%          3
 Summon Guardian Golem    Hex/Summ       51%        N/A       0%          3
 Swiftness                Air            51%        N/A       0%          3
 Vampiric Draining        Necr           25%        2d9       0%          3
 Airstrike                Air            25%        N/A       1%          4
 Animate Armour           Summ/Erth      100%       N/A       1%          4
 Animate Dead             Necr           25%        N/A       1%          4
 Cause Fear               Hex            25%        N/A       1%          4
 Hailstorm                Conj/Ice       51%        3d11      1%          4
 Ice Form                 Ice/Tmut       51%        N/A       1%          4
 Leda's Liquefaction      Hex/Erth       25%        N/A       1%          4
 Passage of Golubria      Tloc           N/A        N/A       1%          4
 Petrify                  Tmut/Erth      51%        N/A       1%          4
 Sticky Flame             Conj/Fire      51%        2d7       1%          4
 Summon Ice Beast         Ice/Summ       51%        N/A       1%          4
 Summon Lightning Spire   Summ/Air       51%        N/A       1%          4
 Agony                    Necr           51%        N/A       1%          5
 Alistair's Intoxication  Tmut/Pois      34%        N/A       1%          5
 Blade Hands              Tmut           25%        N/A       1%          5
 Borgnjor's Vile Clutch   Necr/Erth      25%        N/A       1%          5
 Excruciating Wounds      Necr           25%        N/A       1%          5
 Freezing Cloud           Conj/Ice/Air   25%        6-21      1%          5
 Iskenderun's Battlesphe  Conj           51%        2d10      1%          5
 Lee's Rapid Deconstruct  Erth           25%        3d15*     1%          5
 Lightning Bolt           Conj/Air       25%        1d41      1%          5
 Metabolic Englaciation   Hex/Ice        25%        N/A       1%          5
 Silence                  Hex/Air        25%        N/A       1%          5
 Summon Forest            Summ/Tloc      25%        N/A       1%          5
 Summon Mana Viper        Hex/Summ       51%        N/A       1%          5
 Yara's Violent Unravell  Hex/Tmut       25%        3d11      1%          5
 Conjure Ball Lightning   Conj/Air       25%        3x3d7     1%          6
 Dispersal                Tloc           25%        N/A       1%          6
 Eringya's Noxious Bog    Tmut/Pois      25%        N/A       1%          6
 Invisibility             Hex            25%        N/A       1%          6
 Iron Shot                Conj/Erth      25%        9d5       1%          6
 Simulacrum               Ice/Necr       25%        N/A       1%          6
 Starburst                Conj/Fire      25%        6d8       1%          6
 Dragon Form              Tmut           25%        N/A       4%          7
 Haunt                    Necr/Summ      25%        N/A       4%          7
 Malign Gateway           Summ/Tloc      25%        N/A       4%          7
 Monstrous Menagerie      Summ           25%        N/A       4%          7
 Orb of Destruction       Conj           25%        9d10      4%          7
 Ozocubu's Refrigeration  Ice            25%        4d10      4%          7
 Spellforged Servitor     Conj/Summ      25%        N/A       4%          7
 Storm Form               Tmut/Air       25%        N/A       4%          7
 Summon Hydra             Summ           25%        N/A       4%          7
 Discord                  Hex            25%        N/A       32%         8
 Disjunction              Tloc           25%        N/A       32%         8
 Ignition                 Fire           25%        3d9       32%         8
 Infestation              Necr           25%        N/A       32%         8
 Maxwell's Capacitive Co  Air            25%        ∞         32%         8
 Summon Horrible Things   Summ           25%        N/A       32%         8
 Chain Lightning          Conj/Air       25%        3d34      99%         9
 Death's Door             Necr           25%        N/A       99%         9
 Dragon's Call            Summ           25%        N/A       99%         9
 Fire Storm               Conj/Fire      25%        8d7       99%         9
 Shatter                  Erth           25%        3d22*     99%         9

Inventory:

Hand Weapons
 c - a +9 quick blade of distortion {rare}
   (You found it on level 5 of the Lair of Beasts)
 g - the +8 storm bow {elec, penet}
   (You acquired it on level 3 of the Elven Halls)

   Any ammunition fired from it occasionally discharges a powerful burst of
   electricity upon striking a foe.
   Any ammunition fired by it passes through the targets it hits, potentially
   hitting all targets in its path until it reaches maximum range.
 j - a +9 trishula of holy wrath
   (You took it off Mennas on level 1 of the Abyss)
 A - the +6 fustibalus "Sycyeg" {vorpal, Stlth+}
   (You took it off a guardian mummy on level 4 of the Realm of Zot)

   Any ammunition fired from it inflicts extra damage upon your enemies.
   Stlth:     It makes you more stealthy.
 W - the +8 glaive of the Guard (weapon) {elec, spectral, AC+5}
   (You found it on level 3 of the Crypt)

   It occasionally discharges a powerful burst of electricity upon striking a
   foe.
   When it strikes, its spirit leaps out and fights alongside the wielder.
   AC:        It affects your AC (+5).
Missiles
 a - 26 javelins
 e - 975 arrows
 s - 34 boomerangs (quivered)
 Z - 19 silver javelins
Armour
 b - a +4 kite shield of reflection
   (You took it off Donald on level 4 of the Shoals)
 d - the +2 hood of the Assassin (worn) {Detection Stab+ Stlth++}
   (You found it on level 5 of the Pits of Slime)

   It allows the wearer to sense nearby creatures.
   It allows the wearer to make particularly effective stabbing attacks against
   helpless or unaware enemies with any weapon.
   Stlth:     It makes you much more stealthy.
 t - the +0 pair of boots of Eternal Vigilance (worn) {rPois Str+4 Slay+2}
   (You acquired it in an ice cave)

   Str:       It affects your strength (+4).
   Slay:      It affects your accuracy & damage with ranged weapons and melee
   (+2).
   rPois:     It protects you from poison.
 E - the +5 leather armour of Resilience (worn) {rPois Str-2 Dex+7}
   (You bought it in a shop on level 3 of the Shoals)

   Str:       It affects your strength (-2).
   Dex:       It affects your dexterity (+7).
   rPois:     It protects you from poison.
 I - the +3 cloak "Lauliwnung" (worn) {Harm rCorr SInv}
   (You acquired it on level 2 of the Shoals)

   SInv:      It lets you see invisible.
   rCorr:     It protects you from acid and corrosion.
   Harm:      It increases damage dealt and taken.
 X - a +2 pair of gloves of archery (worn)
   (You found it on level 1 of the Abyss)
Jewellery
 G - the ring "Caatats" {*Slow rElec rC+ Int+6 Slay+3}
   (You found it on level 14 of the Dungeon)

   [ring of intelligence]

   Int:       It affects your intelligence (+6).
   Slay:      It affects your accuracy & damage with ranged weapons and melee
   (+3).
   rC:        It protects you from cold.
   rElec:     It insulates you from electricity.
   *Slow:     It may slow you when you take damage.
 L - a ring of flight
   (You found it on level 8 of the Dungeon)
 M - the amulet "Ymatuf Ycse" (around neck) {RegenMP Regen+ Str+7}
   (You acquired it on level 3 of the Shoals)

   [amulet of magic regeneration]

   It increases your rate of magic regeneration.
   Str:       It affects your strength (+7).
   Regen:     It increases your rate of health regeneration.
 S - the ring of the Thistle (right hand) {rElec rF+++ rCorr Str+6 Int-2}
   (You found it on level 1 of the Shoals)

   [ring of strength]

   Str:       It affects your strength (+6).
   Int:       It affects your intelligence (-2).
   rF:        It renders you almost immune to fire.
   rElec:     It insulates you from electricity.
   rCorr:     It protects you from acid and corrosion.
 Y - a +4 ring of slaying (left hand)
   (You found it on level 7 of the Dungeon)
Wands
 l - a wand of paralysis (66)
   (You found it on level 11 of the Dungeon)
 n - a wand of acid (21)
   (You found it on level 2 of the Spider Nest)
 C - a wand of digging (3)
   (You found it on level 5 of the Pits of Slime)
Scrolls
 f - 13 scrolls of vulnerability {!r!r}
 k - 2 scrolls of blinking {!r}
 p - 12 scrolls of enchant armour
 u - 7 scrolls of magic mapping {!r}
 v - 3 scrolls of silence {!r}
 x - 26 scrolls of teleportation {@r4}
 y - a scroll of summoning
 z - 12 scrolls of fear
 H - 6 scrolls of fog
 Q - 10 scrolls of immolation {!r!r}
Potions
 h - 5 potions of invisibility
 i - 11 potions of might
 m - 2 potions of heal wounds {@q2}
 o - 2 potions of lignification {!q}
 q - 9 potions of magic
 w - 6 potions of haste {@q3}
 B - 11 potions of brilliance
 D - 14 potions of curing {@q1}
 F - a potion of resistance
 K - 4 potions of attraction {!q}
 P - 3 potions of mutation {!q}
 R - 2 potions of cancellation
 U - a potion of berserk rage {!q}
Miscellaneous
 r - a condenser vane
   (You found it on level 2 of the Abyss)
 J - a tin of tremorstones (2/2)
   (You found it in a Gauntlet)
 N - a box of beasts
   (You found it in a Gauntlet)
 O - a lightning rod (4/4)
   (You found it on level 1 of the Shoals)
 T - a phial of floods
   (You found it on level 10 of the Dungeon)
 V - a phantom mirror
   (You found it on level 3 of the Elven Halls)

Dungeon Overview and Level Annotations

Branches:
Dungeon (15/15)            Temple (0/1) D:6            Lair (6/6) D:10
 Shoals (4/4) Lair:3       Spider (4/4) Lair:3        Slime (5/5) Lair:5
    Orc (2/2) D:11            Elf (3/3) Orc:2        Vaults (5/5) D:14
  Crypt (3/3) Vaults:2       Tomb (0/3) Crypt:3      Depths (4/4) D:15
    Zot (5/5) Depths:4      IceCv (visited)         Volcano (visited)
Gauntlet (visited)

Altars:
Hepliaklqana
Kikubaaqudgha
Sif Muna
Trog
Xom
Yredelemnul
Beogh
Jiyva

Shops:
D:8 *   D:9 =   D:12 !   D:15 (   Orc:2 *=[(   Elf:3 [   Shoals:2 :
Shoals:3 ![?(   Vaults:3 :   Vaults:5 !???   Zot:1 *   Depths:4 *[??[(

Portals:
Hell: Depths:1 Depths:2 Depths:3 Depths:4
Abyss: Depths:2 Depths:3
Pandemonium: Depths:2
Ziggurat: Depths:4

Annotations:
D:10 corrupted
Shoals:4 corrupted
Zot:4 8 runed translucent doors
Abyss:1 Weumay's ghost, adept DrAr

####.....############....#
.........................#
.........................# #####
.........................####....
............⌠...{................
.........⌠...................##..
.........................(...####
####...........#######..(####...#
#.......⌠.9.L@pd†....((.......
#...###.....#######...##.....#
#...# ########...##...##...###
#...# #......##X..........
####...# #......#......######
#......# #####.##.####'##..######
#......# #..#...#...#...#........
.......# #..'.⌠.##.##.⌠.+........
.......# #..#....#.#X...#........


You could see a Killer Klown, an electric golem, a dread lich (fast, invisible)
and a green draconian.


Message History

The klown pie hits your +8 glaive of the Guard {elec, spectral, AC+5}!!
Your spectral weapon shares its damage with you!
Blueberry!
Your +8 glaive of the Guard {elec, spectral, AC+5} loses the ability to speak.
The dread lich touches your +8 glaive of the Guard {elec, spectral, AC+5}.
Your +8 glaive of the Guard {elec, spectral, AC+5} fades away.
The Killer Klown pies you viciously! The klown pie hits you!
Blueberry!
An unnatural silence engulfs you. 😮 HP[-23]
You take 23 damage, and now have 158/248 hp.
Reach: W) +8 glaive of the Guard {elec, spectral, AC+5}
Press: ? - help, Dir - move target, f/p - dread lich
Aim: a dread lich (silenced, lightly damaged, fast, about 20% to evade the +8 glaive of the Guard)
Okay, then.
You barely miss the dread lich.
Your +8 glaive of the Guard {elec, spectral, AC+5} hits the dread lich from afar!
You feel yourself come back to life.
The dread lich touches you but does no damage. 😮 HP[+1]
You open the dread lich like a pillowcase!!!
You headbutt the dread lich, but do no damage.
Your +8 glaive of the Guard {elec, spectral, AC+5} barely misses the dread lich.
You feel yourself speed up.
The electric golem blinks!
The dread lich touches you but does no damage.
The dread lich completely misses you. The Killer Klown pies you viciously!
The klown pie hits your +8 glaive of the Guard {elec, spectral, AC+5}!!
Your spectral weapon shares its damage with you!
Your +8 glaive of the Guard {elec, spectral, AC+5} fades away. 😮 HP[-10]
You take 10 damage, and now have 149/248 hp.
You slash the dread lich!
You headbutt the dread lich, but do no damage.
You bite the dread lich, but do no damage.
Your +8 glaive of the Guard {elec, spectral, AC+5} closely misses the dread lich.
The dread lich gestures at you while chanting.
You suddenly lose the ability to move!
The Killer Klown wrestles your +8 glaive of the Guard {elec, spectral, AC+5} with a +10 vorpal club!!
Your spectral weapon shares its damage with you!
Your +8 glaive of the Guard {elec, spectral, AC+5} fades away.
The dread lich touches you!
The dread lich touches you but does no damage.
The Killer Klown pounds you with a +10 vorpal club.
* * * LOW HITPOINT WARNING * * *
The dread lich touches you but does no damage.
The dread lich touches you but does no damage.
The Killer Klown pinches you but does no damage.
The green draconian hits you from afar with a +0 glaive!
* * * LOW HITPOINT WARNING * * *
The dread lich touches you but does no damage.
The Killer Klown pokes you with a +10 vorpal club!
* * * LOW HITPOINT WARNING * * *
x2 The electric golem blinks!
The dread lich touches you but does no damage.
The green draconian hits you from afar with a +0 glaive!
* * * LOW HITPOINT WARNING * * *
The Killer Klown strangle-hugs you with a +10 vorpal club!
* * * LOW HITPOINT WARNING * * *
x2 The dread lich casts a spell.
The dread lich flickers and vanishes for a moment.
The Killer Klown karate-kicks you with a +10 vorpal club!!
* * * LOW HITPOINT WARNING * * *
x2 The green draconian hits you but does no damage.
The dread lich touches you but does no damage.
The Killer Klown slaps you with a +10 vorpal club!
* * * LOW HITPOINT WARNING * * *
x2 The dread lich touches you but does no damage.
The green draconian hits you but does no damage.
You can move again. 😱 HP[-124]
You take 124 damage, and now have 25/248 hp.
MASSIVE DAMAGE!! (PAUSE)
Okay, then.
Okay, then.
Press: ? - help, v - describe, . - travel, g - get item
Here: a Killer Klown, wielding a +10 vorpal club
Items here: a +12 club of flaming; a Killer Klown corpse.
The floor, spattered with blood.
Okay, then.
Press: ? - help, v - describe, . - travel The floor, spattered with blood.
This square is shrouded in silence.
Press: ? - help, v - describe, . - travel
Here: a dread lich (severely damaged, fast, slightly transparent)
The floor.
Okay, then.
Magic scrolls do not work when you're silenced!
Press: ? - help, v - describe, . - travel
Here: a dread lich (severely damaged, fast, slightly transparent)
The floor.
Press: ? - help, v - describe, . - travel, g - get item
Here: a Killer Klown, wielding a +10 vorpal club
Items here: a +12 club of flaming; a Killer Klown corpse.
The floor, spattered with blood.
You feel magically purged.
Your hearing returns.
The Killer Klown pies you viciously! The klown pie hits you!!
Blueberry!
An unnatural silence engulfs you.
You die...

Skill      XL: |  1  2  3  4  5  6  7  8  9 10 11 12 13 14 15 16 17 18 19 20 21 22 23 24 25 26 27 |
---------------+----------------------------------------------------------------------------------+-----
Fighting       | 7 8 9 10 11 12 13 14 15 16 17 18 19 20 | 20.4
Short Blades   | 3 4 5 6 7 8 9 10 11 12 13 14 15 16 17 18 19 | 19.5
Long Blades    | 3 4 5 6 7 8 9 10 11 12 13 14 15 16 17 18 19 | 19.5
Axes           | 3 4 5 6 7 8 9 10 11 12 13 14 15 16 17 18 19 | 19.5
Maces & Flails | 3 4 5 6 7 8 9 10 11 12 13 14 15 16 17 18 19 | 19.5
Polearms       | 5 6 7 8 9 10 11 12 13 14 15 16 17 18 20 | 20.0
Staves         | 3 4 5 6 7 8 9 10 11 12 13 14 15 16 17 18 19 | 19.5
Slings         | 3 4 5 6 7 8 9 10 11 12 13 14 15 16 17 18 19 | 19.5
Bows           | 3 4 5 6 7 8 9 10 11 12 13 14 15 16 17 18 19 | 19.5
Crossbows      | 3 4 5 6 7 8 9 10 11 12 13 14 15 16 17 18 20 | 20.9
Throwing       | 3 4 5 6 7 8 9 10 11 12 13 14 15 16 17 18 19 | 19.5
Armour         | 5 6 7 8 9 10 11 12 13 14 15 16 17 18 20 | 20.0
Dodging        | 4 5 6 7 8 9 10 11 12 13 14 15 16 17 18 19 | 19.7
Stealth        | 3 4 5 6 7 8 9 10 11 12 13 14 15 16 17 18 19 | 19.5
Shields        | 3 4 5 6 7 8 9 10 11 12 13 14 15 16 17 18 19 | 19.5
Unarmed Combat | 3 4 5 6 7 8 9 10 11 12 13 14 15 16 17 18 19 | 19.5
Spellcasting   | 3 4 5 6 7 8 9 10 11 12 13 14 15 16 17 18 19 | 19.5
Conjurations   | 3 4 5 6 7 8 9 10 11 12 13 14 15 16 | 16.6
Hexes          | 3 4 5 6 7 8 9 10 11 12 13 14 15 16 | 16.6
Summonings     | 3 4 5 6 7 8 9 10 11 12 13 14 15 16 | 16.6
Necromancy     | 3 4 5 6 7 8 9 10 11 12 13 14 15 16 | 16.6
Translocations | 3 4 5 6 7 8 9 10 11 12 13 14 15 16 | 16.6
Transmutations | 3 4 5 6 7 8 9 10 11 12 13 14 15 16 | 16.6
Fire Magic     | 3 4 5 6 7 8 9 10 11 12 13 14 15 16 | 16.6
Ice Magic      | 3 4 5 6 7 8 9 10 11 12 13 14 15 16 | 16.6
Air Magic      | 3 4 5 6 7 8 9 10 11 12 13 14 15 16 | 16.6
Earth Magic    | 3 4 5 6 7 8 9 10 11 12 13 14 15 16 | 16.6
Poison Magic   | 3 4 5 6 7 8 9 10 11 12 13 14 15 16 | 16.6
Invocations    | 6 7 8 9 10 11 12 13 14 15 16 17 18 19 21 | 21.5
Evocations     | 3 4 5 6 7 8 9 10 11 12 13 14 15 16 17 18 19 | 19.5

Action                   |  1- 3 |  4- 6 |  7- 9 | 10-12 | 13-15 | 16-18 | 19-21 | 22-24 | 25-27 || total
-------------------------+-------+-------+-------+-------+-------+-------+-------+-------+-------++-------
Melee: Spear             |       |       |    10 |   670 |       |       |       |       |       ||   680
       Bite              |       |       |       |   134 |   186 |   238 |   189 |   377 |   184 ||  1308
       Headbutt          |       |       |       |   144 |    70 |       |       |       |   122 ||   336
       Long sword        |       |       |       |   508 |   880 |       |       |       |       ||  1388
       Punch             |       |       |       |     8 |       |       |       |       |       ||     8
       Quick blade       |       |       |       |       |   412 |  1430 |   863 |  1687 |   295 ||  4687
       Trishula          |       |       |       |       |       |       |       |    73 |   297 ||   370
       Glaive            |       |       |       |       |       |       |       |       |   571 ||   571
 Fire: Longbow           |       |       |       |       |       |       |       |       |   529 ||   529
Throw: Dart              |       |       |       |    14 |     6 |     8 |     3 |       |       ||    31
       Throwing net      |       |       |       |     2 |       |       |       |       |       ||     2
       Javelin           |       |       |       |    15 |    22 |     4 |    73 |    47 |    62 ||   223
       Boomerang         |       |       |       |     8 |    11 |   149 |   258 |    90 |    93 ||   609
 Cast: Tukima's Dance    |       |       |       |       |     1 |       |       |       |     2 ||     3
       Teleport Other    |       |       |       |       |       |     1 |       |       |       ||     1
       Ozocubu's Armour  |       |       |       |       |       |     1 |       |       |       ||     1
       Olgreb's Toxic Ra |       |       |       |       |       |    12 |    38 |    35 |    11 ||    96
       Iskenderun's Myst |       |       |       |       |       |     3 |       |     1 |     2 ||     6
       Poisonous Vapours |       |       |       |       |       |     3 |       |       |       ||     3
       Statue Form       |       |       |       |       |       |     2 |     4 |     1 |     5 ||    12
       Irradiate         |       |       |       |       |       |     1 |    14 |     9 |     7 ||    31
       Dispel Undead     |       |       |       |       |       |       |    11 |     3 |    14 ||    28
       Fireball          |       |       |       |       |       |       |       |       |     2 ||     2
       Necromutation     |       |       |       |       |       |       |       |       |     2 ||     2
       Death Channel     |       |       |       |       |       |       |       |       |     1 ||     1
Invok: Bend Space        |       |       |       |    11 |    13 |    12 |     4 |     1 |    11 ||    52
       Depart the Abyss  |       |       |       |     1 |       |     1 |       |       |       ||     2
       Banish            |       |       |       |     1 |     3 |     3 |       |       |       ||     7
       Corrupt           |       |       |       |     1 |     1 |     2 |       |       |       ||     4
       Brand Weapon With |       |       |       |       |     1 |       |       |       |       ||     1
       Enter the Abyss   |       |       |       |       |       |     1 |       |       |     3 ||     4
Evoke: Wand              |       |       |       |    24 |    26 |     1 |     6 |       |     2 ||    59
       Box of beasts     |       |       |       |       |     2 |     4 |     6 |     4 |     8 ||    24
       Tin of tremorston |       |       |       |       |     2 |     2 |     7 |     4 |     4 ||    19
       Lightning rod     |       |       |       |       |       |     4 |       |       |       ||     4
       Phial of floods   |       |       |       |       |       |     1 |     1 |       |       ||     2
  Use: Scroll            |     1 |       |     6 |    21 |    16 |    16 |     6 |     7 |    22 ||    95
       Potion            |       |       |       |    10 |    10 |    10 |     4 |     4 |    10 ||    48
 Stab: Sleeping          |       |       |       |     6 |       |    13 |     9 |    43 |    64 ||   135
       Distracted        |       |       |       |     1 |     1 |     3 |    13 |    12 |    19 ||    49
       Paralysed         |       |       |       |     4 |       |       |       |       |       ||     4
       Petrified         |       |       |       |       |     4 |     1 |       |       |       ||     5
       Petrifying        |       |       |       |       |       |     1 |       |       |       ||     1
Armor: Plate armour      |       |       |       |   645 |   390 |       |       |       |       ||  1035
       Leather armour    |       |       |       |    12 |       |   115 |   128 |   186 |   224 ||   665
       Chain mail        |       |       |       |       |   370 |   356 |       |       |       ||   726
       Skin              |       |       |       |       |       |     1 |    51 |     7 |   110 ||   169
Dodge: Dodged            |       |       |     3 |   395 |   591 |   546 |   337 |   560 |   697 ||  3129
Block: Buckler           |       |       |       |    54 |       |       |       |       |       ||    54
       Kite shield       |       |       |       |   318 |   834 |   664 |   358 |   621 |   253 ||  3048
       Reflection        |       |       |       |       |       |     3 |    11 |    57 |     3 ||    74

Levels and vault maps discovered:
D:1:      amcnicky_arrival_blooded_trapdoor, layout_basic,
          hangedman_decor_points, supply_closet_lemuel
D:2:      layout_basic, shapermc_ecumenical_altar_starsandcircs
D:3:      layout_basic, minmay_fractal_squares_diagonal_5
D:4:      layout_loops_corners, mrwooster_statue_mirror,
          minmay_misc_feat_secret_circle
D:5:      layout_rooms, serial_rivers, chequers_serial_rivers_room_b,
          chequers_serial_rivers_room_b, chequers_serial_rivers_micro_d,
          chequers_serial_rivers_room_a, uniq_grinder
D:6:      layout_loops_ring, mainiacjoe_overflow_paths,
          minmay_temple_entry_ruins, minmay_tree_intersection,
          lemuel_old_faithful
D:7:      layout_cave_pods, uniq_duvessa, uniq_maggie
D:8:      layout_basic, serial_ice, serial_ice_d, serial_ice_h, serial_ice_g,
          serial_ice_l, serial_ice_b, serial_shops,
          nicolae_shop_temple_entry_statues_fountains
D:9:      layout_roguey, serial_shops, shop, minmay_misc_feat_chi,
          roderic_lattice_a, grunt_ministairs_11, unseen_surprise_small
D:10:     layout_irregular_city, erik_lair_orcish_takeover, minivault_12
D:11:     layout_big_octagon, orc_0_dummy
D:12:     layout_rooms, serial_shops, nicolae_shop_behind_doors
D:13:     layout_stronghold
D:14:     layout_roguey [special_room_mythical_zoo], erik_vaults_2,
          minivault_14, hangedman_decor_push, minmay_the_grid_2x2
          [minmay_the_grid_diamond_grid, minmay_the_grid_embedded,
          minmay_the_grid_stretched_grid, minmay_the_grid_prize_shrinking_boxes]
D:15:     gammafunk_depths_entry_grave, layout_loops_ring, solitary_fountain,
          chequers_serial_rivers_micro_e, nicolae_shop_firing_range,
          uniq_roxanne
Lair:1:   layout_cave_shapes, minivault_11, grunt_megastairs_3,
          infiniplex_staircase_pool_2
Lair:2:   layout_loops_ring, portal_ice_cave_entry_pillars_1,
          kennysheep_abandoned_house, grunt_megastairs_4, lemuel_fruit_tree
Lair:3:   layout_cave_pods, minmay_shoals_entry_lonely_mermaid,
          spider_nest_entry_webs, grunt_forest_large_clearing_hut,
          grunt_megastairs_1, serial_bayou_shore_b
Lair:4:   layout_long_grid, nicolae_volcano_entry_batcave,
          serial_bayou_crossing, serial_bayou_shore_a, infiniplex_staircase_pool
Lair:5:   layout_hall_layers, dpeg_slime_entry_enclosed_altar,
          gauntlet_entry_generic, st_stairs_9, grunt_forest_large_clearings,
          lemuel_fruit_fields
Lair:6:   hangedman_lair_in_review, layout_small_grid, guppyfry_lair_end_dragon,
          serial_bayou_lake_a, uniq_nessos, uniq_kirke
Shoals:1: layout_shoals, uniq_josephine
Shoals:2: cheibrodos_shoals_roost, layout_shoals, serial_shops, shop,
          uniq_polyphemus, uniq_ilsuiw
Shoals:3: layout_shoals, serial_shops, nicolae_diamond_shop, shop, shop,
          shop_scrolls, ebering_ghost_reflecting_pool
Shoals:4: shoals_end_hellmonk_storm_palace [storm_palace_center_square,
          storm_palace_corner_pillars, storm_palace_corner_blocked,
          storm_palace_corner_grid, storm_palace_corner_narrow], uniq_donald
Spider:1: layout_chambers
Spider:2: layout_spider_delve
Spider:3: layout_spider_delve
Spider:4: grunt_spider_rune_parallel, uniq_arachne, uniq_louise
Slime:1:  layout_caves
Slime:2:  cheibrodos_slime_lost_civilization_2, layout_caves
Slime:3:  layout_caves, basic_altar, uniq_dissolution
Slime:4:  layout_caves
Slime:5
Orc:1:    layout_caves
Orc:2:    grunt_orc_community_town_hall, layout_caves,
          grunt_orc_community_big_house_2, grunt_orc_community_big_house_2,
          grunt_orc_community_house_3, grunt_orc_community_house_2,
          grunt_orc_community_house_3, grunt_orc_community_house_2,
          grunt_orc_community_house_3, grunt_orc_community_house_1, basic_altar,
          maelrawn_ghost_gauntlet_escape
Elf:1:    elf_arrival_001, layout_onion_city, basic_altar,
          hangedman_elf_disciples, uniq_azrael
Elf:2:    elven_hall_of_blades_hangedman_original
          [nicolae_blade_entry_diamond_columns], layout_geoelf_grid,
          basic_altar, special_room [special_room_mythical_zoo], uniq_agnes
Elf:3:    grunt_elf_hall_diamonds, layout_geoelf_castle, serial_shops, shop
Vaults:1: vaults_mumra_hexcomb, ontoclasm_vaults_pinch,
          vaults_standard_mumra_enter_the_diamond,
          nicolae_vaults_little_squares_5, vaults_room_corners,
          nicolae_vaults_shelves_hall, nicolae_vaults_asterisk,
          layout_vaults_chaotic_city
Vaults:2: vaults_room_door_ring, vaults_mumra_minichess, v_misc_18,
          minmay_crypt_entry_simple_box, vaults_room_boxed,
          nicolae_vaults_little_squares_1, nicolae_vaults_an_arrangement,
          vaults_room_hallway, ontoclasm_vaults_ligature, v_alt_pattern_4,
          vaults_dpeg_diagonal, v_misc_8, ontoclasm_vaults_twist,
          layout_vaults_ring, uniq_boris, uniq_nikola
Vaults:3: dpeg_vaults_monster_box, v_misc_24, st_lattice, vaults_mumra_hex,
          nicolae_vaults_little_squares_3, v_misc_12, layout_vaults_omnigrid,
          serial_shops, shop, uniq_xtahua
Vaults:4: v_alt_pattern_1, vaults_room_corners, nicolae_vaults_gold_heap,
          nicolae_vaults_ring_of_whatevers, vaults_room_large_hall,
          ontoclasm_vaults_spin, nicolae_vaults_little_squares_4,
          grunt_vaults_hallway_short, grunt_vaults_twisty, v_rooms_6,
          nicolae_vaults_c_with_doors, nicolae_vaults_yaktaur_gun_rack,
          nicolae_vaults_border_crossing, layout_vaults_omnibox
Vaults:5: serial_shops
Crypt:1:  layout_gridlike, amcnicky_mini_pool_small, grunt_crypt_arrival_split
Crypt:2:  layout_chaotic_city, minicrypt_bobbens
Crypt:3:  evilmike_haunted_forest
Depths:1: layout_gridlike, special_room [special_room_morgue],
          hangedman_abyss_or_decor_slice, pf_coc_iceberg, chequers_jeans,
          worldfamousw_hep_ancestral_shrine
Depths:2: hourglass_vault, layout_cave_pools, grunt_metal_band, pan_entry,
          abyss_entry, infiniplex_staircase_squiggle
Depths:3: box_level_dp, hell_entry, abyss_entry
Depths:4: evilmike_zot_entry_basic, layout_gridlike, enter_ziggurat_a,
          serial_shops, shop, shop, nicolae_inconvenience_store, hell_entry,
          kennysheep_crisscross, minmay_shop_star, uniq_mennas
Zot:1:    gammafunk_mikee_crab_dinner, layout_onion_interference,
          nicolae_transmutations_shop, guppyfry_library_mini
Zot:2:    layout_gridlike, gammafunk_ghost_necromancy
Zot:3:    minmay_elemental_castle, layout_gridlike
Zot:4:    grunt_zot_stairs_mandelzot, layout_twisted_circle,
          hangedman_xom_zot_hilarity
Zot:5:    layout_misc_corridors, st_stairs_14, grunt_ministairs_13

Notes
Turn   | Place    | Note
-------+----------+-------------------------------------------
     0 | Abyss:1  | spiderkeys the Gnoll Abyssal Knight began the quest for the
                  | Orb.
     0 | Abyss:1  | Reached XP level 1. HP: 23/23 MP: 3/3
     0 | Abyss:1  | magus.rc [v1.9.10]
    22 | Abyss:2  | Noticed a tentacled starspawn
    31 | Abyss:2  | Found a corrupted altar of Lugonu.
    53 | Abyss:2  | Killed a tentacled starspawn
    54 | Abyss:2  | Reached skill level 7 in Fighting
    54 | Abyss:2  | Reached skill level 3 in Short Blades
    54 | Abyss:2  | Reached skill level 3 in Long Blades
    54 | Abyss:2  | Reached skill level 3 in Axes
    54 | Abyss:2  | Reached skill level 3 in Maces & Flails
    54 | Abyss:2  | Reached skill level 5 in Polearms
    54 | Abyss:2  | Reached skill level 3 in Staves
    54 | Abyss:2  | Reached skill level 3 in Slings
    54 | Abyss:2  | Reached skill level 3 in Bows
    54 | Abyss:2  | Reached skill level 3 in Crossbows
    54 | Abyss:2  | Reached skill level 3 in Throwing
    54 | Abyss:2  | Reached skill level 5 in Armour
    54 | Abyss:2  | Reached skill level 4 in Dodging
    54 | Abyss:2  | Reached skill level 3 in Stealth
    54 | Abyss:2  | Reached skill level 3 in Shields
    54 | Abyss:2  | Reached skill level 3 in Unarmed Combat
    54 | Abyss:2  | Reached skill level 3 in Spellcasting
    54 | Abyss:2  | Reached skill level 3 in Conjurations
    54 | Abyss:2  | Reached skill level 3 in Hexes
    54 | Abyss:2  | Reached skill level 3 in Summonings
    54 | Abyss:2  | Reached skill level 3 in Necromancy
    54 | Abyss:2  | Reached skill level 3 in Translocations
    54 | Abyss:2  | Reached skill level 3 in Transmutations
    54 | Abyss:2  | Reached skill level 3 in Fire Magic
    54 | Abyss:2  | Reached skill level 3 in Ice Magic
    54 | Abyss:2  | Reached skill level 3 in Air Magic
    54 | Abyss:2  | Reached skill level 3 in Earth Magic
    54 | Abyss:2  | Reached skill level 3 in Poison Magic
    54 | Abyss:2  | Reached skill level 6 in Invocations
    54 | Abyss:2  | Reached skill level 3 in Evocations
    54 | Abyss:2  | Reached XP level 2. HP: 25/31 MP: 3/6
    54 | Abyss:2  | Reached XP level 3. HP: 29/36 MP: 4/8
    54 | Abyss:2  | Reached XP level 4. HP: 35/43 MP: 4/9
    54 | Abyss:2  | Reached XP level 5. HP: 39/48 MP: 4/10
    54 | Abyss:2  | Reached XP level 6. HP: 44/55 MP: 4/11
    54 | Abyss:2  | Reached XP level 7. HP: 48/60 MP: 4/12
    54 | Abyss:2  | Reached XP level 8. HP: 54/67 MP: 4/13
    66 | Abyss:2  | Noticed a glowing orange brain
    68 | Abyss:2  | Noticed a worldbinder
    73 | Abyss:2  | Noticed an ironbound preserver
    73 | Abyss:2  | Noticed an ironbound preserver
    73 | Abyss:2  | Noticed a yaktaur
    73 | Abyss:2  | Noticed an ironbound preserver
    73 | Abyss:2  | Noticed an ironbound preserver
    75 | Abyss:2  | Noticed a wretched star
    75 | Abyss:2  | Killed a glowing orange brain
    76 | Abyss:2  | Reached skill level 4 in Short Blades
    76 | Abyss:2  | Reached skill level 4 in Long Blades
    76 | Abyss:2  | Reached skill level 4 in Axes
    76 | Abyss:2  | Reached skill level 4 in Maces & Flails
    76 | Abyss:2  | Reached skill level 6 in Polearms
    76 | Abyss:2  | Reached skill level 4 in Staves
    76 | Abyss:2  | Reached skill level 4 in Slings
    76 | Abyss:2  | Reached skill level 4 in Bows
    76 | Abyss:2  | Reached skill level 4 in Crossbows
    76 | Abyss:2  | Reached skill level 4 in Throwing
    76 | Abyss:2  | Reached skill level 6 in Armour
    76 | Abyss:2  | Reached skill level 4 in Stealth
    76 | Abyss:2  | Reached skill level 4 in Shields
    76 | Abyss:2  | Reached skill level 4 in Unarmed Combat
    76 | Abyss:2  | Reached skill level 4 in Spellcasting
    76 | Abyss:2  | Reached skill level 4 in Evocations
    76 | Abyss:2  | Reached XP level 9. HP: 38/74 MP: 6/15
    82 | Abyss:2  | Killed a wretched star
    83 | Abyss:2  | Reached skill level 8 in Fighting
    83 | Abyss:2  | Reached skill level 5 in Dodging
   104 | Abyss:2  | Noticed a stone giant
   104 | Abyss:2  | Noticed a shadow dragon
   104 | Abyss:2  | a stone giant changed into a shadow dragon
   142 | Abyss:2  | Reached skill level 7 in Invocations
   146 | Abyss:2  | Reached XP level 10. HP: 48/80 MP: 15/17
   148 | Abyss:2  | Reached skill level 4 in Conjurations
   148 | Abyss:2  | Reached skill level 4 in Hexes
   148 | Abyss:2  | Reached skill level 4 in Summonings
   148 | Abyss:2  | Reached skill level 4 in Necromancy
   148 | Abyss:2  | Reached skill level 4 in Translocations
   148 | Abyss:2  | Reached skill level 4 in Transmutations
   148 | Abyss:2  | Reached skill level 4 in Fire Magic
   148 | Abyss:2  | Reached skill level 4 in Ice Magic
   148 | Abyss:2  | Reached skill level 4 in Air Magic
   148 | Abyss:2  | Reached skill level 4 in Earth Magic
   148 | Abyss:2  | Reached skill level 4 in Poison Magic
   188 | D:1      | You pass through the gate.
   188 | D:1      | Escaped the Abyss
   368 | D:1      | You pick up a book of Annihilations and begin reading...
   368 | D:1      | You add the spells Chain Lightning, Fire Storm and Shatter
                  | to your library.
   385 | D:1      | Reached skill level 5 in Short Blades
   385 | D:1      | Reached skill level 5 in Long Blades
   385 | D:1      | Reached skill level 5 in Axes
   385 | D:1      | Reached skill level 5 in Maces & Flails
   385 | D:1      | Reached skill level 5 in Staves
   385 | D:1      | Reached skill level 5 in Slings
   385 | D:1      | Reached skill level 5 in Bows
   385 | D:1      | Reached skill level 5 in Crossbows
   385 | D:1      | Reached skill level 5 in Throwing
   385 | D:1      | Reached skill level 5 in Stealth
   385 | D:1      | Reached skill level 5 in Shields
   385 | D:1      | Reached skill level 5 in Unarmed Combat
   385 | D:1      | Reached skill level 5 in Spellcasting
   385 | D:1      | Reached skill level 5 in Evocations
   988 | D:2      | Found a faded altar of an unknown god.
  1220 | D:2      | Reached * piety under Lugonu
  1751 | D:2      | You pick up a book of Vapours and begin reading...
  1751 | D:2      | You add the spells Poisonous Vapours and Corpse Rot to your
                  | library.
  2218 | D:3      | You add the spells Gell's Gravitas, Teleport Other and
                  | Dispersal to your library.
  2785 | D:3      | Reached ** piety under Lugonu
  3346 | D:4      | You pick up a book of Weapons and begin reading...
  3346 | D:4      | You add the spells Portal Projectile, Excruciating Wounds
                  | and Blade Hands to your library.
  4190 | D:5      | Entered Level 5 of the Dungeon
  4233 | D:4      | HP: 18/82 [black bear (5)]
  4237 | D:4      | Reached skill level 7 in Polearms
  4237 | D:4      | Reached skill level 7 in Armour
  4741 | D:5      | Noticed Grinder
  4746 | D:5      | Paralysed by Grinder for 3 turns
  4857 | D:5      | Killed Grinder
  4972 | D:5      | HP: 15/82 [poisoned by a water moccasin]
  4975 | D:5      | Gained mutation: You are frail. (-10% HP) [potion of
                  | mutation]
  4975 | D:5      | Gained mutation: You have a pair of small horns on your
                  | head. [potion of mutation]
  4977 | D:5      | HP: 15/73 [poisoned by a water moccasin]
  4982 | D:5      | HP: 9/73 [poisoned by a water moccasin]
  5662 | D:5      | Reached skill level 6 in Dodging
  5855 | D:6      | Found a bloodstained altar of Trog.
  6032 | D:6      | You pick up a book of Storms and begin reading...
  6032 | D:6      | You add the spells Airstrike, Summon Lightning Spire and
                  | Lightning Bolt to your library.
  6131 | D:6      | Found a staircase to the Ecumenical Temple.
  7398 | D:7      | Noticed Dowan
  7398 | D:7      | Noticed Duvessa
  7413 | D:7      | Killed Dowan
  7505 | D:7      | Killed Duvessa
  7703 | D:7      | Noticed Maggie
  7721 | D:7      | Killed Maggie
  8012 | D:8      | Found Sumeij's Assorted Antiques.
  8042 | D:8      | HP: 18/73 [polar bear (3)]
  8044 | D:8      | HP: 8/73 [polar bear (1)]
  8045 | D:8      | Reached XP level 11. HP: 8/78 MP: 19/19
  8045 | D:8      | HP: 3/78 [something (3)]
  8052 | D:8      | Reached skill level 8 in Invocations
  8096 | D:8      | Reached *** piety under Lugonu
  8588 | D:8      | Reached skill level 9 in Fighting
  8593 | D:8      | Reached skill level 6 in Short Blades
  8593 | D:8      | Reached skill level 6 in Long Blades
  8593 | D:8      | Reached skill level 6 in Axes
  8593 | D:8      | Reached skill level 6 in Maces & Flails
  8593 | D:8      | Reached skill level 6 in Staves
  8593 | D:8      | Reached skill level 6 in Slings
  8593 | D:8      | Reached skill level 6 in Bows
  8593 | D:8      | Reached skill level 6 in Crossbows
  8593 | D:8      | Reached skill level 6 in Throwing
  8593 | D:8      | Reached skill level 6 in Stealth
  8593 | D:8      | Reached skill level 6 in Shields
  8593 | D:8      | Reached skill level 6 in Unarmed Combat
  8593 | D:8      | Reached skill level 6 in Spellcasting
  8593 | D:8      | Reached skill level 6 in Evocations
  8688 | D:8      | Reached skill level 5 in Conjurations
  8688 | D:8      | Reached skill level 5 in Hexes
  8688 | D:8      | Reached skill level 5 in Summonings
  8688 | D:8      | Reached skill level 5 in Necromancy
  8688 | D:8      | Reached skill level 5 in Translocations
  8688 | D:8      | Reached skill level 5 in Transmutations
  8688 | D:8      | Reached skill level 5 in Fire Magic
  8688 | D:8      | Reached skill level 5 in Ice Magic
  8688 | D:8      | Reached skill level 5 in Air Magic
  8688 | D:8      | Reached skill level 5 in Earth Magic
  8688 | D:8      | Reached skill level 5 in Poison Magic
  9950 | D:9      | Found Qephevyu's Jewellery Shop.
 10431 | D:9      | You pick up a book of Death and begin reading...
 10431 | D:9      | You add the spells Animate Dead, Haunt and Infestation to
                  | your library.
 10783 | D:10     | Entered Level 10 of the Dungeon
 10823 | D:10     | Noticed a cyclops
 10833 | D:10     | Reached **** piety under Lugonu
 10837 | D:10     | Noticed a purple ugly thing
 10837 | D:10     | Noticed a cyclops
 10837 | D:10     | Noticed a centaur warrior
 10837 | D:10     | Noticed a catoblepas
 10846 | D:10     | Noticed an ogre mage
 10846 | D:10     | Noticed a six-headed hydra
 10847 | D:10     | Noticed a deep elf pyromancer
 10856 | D:10     | Noticed a cyclops
 11154 | D:10     | Found a staircase to the Lair.
 11182 | D:10     | Reached skill level 8 in Polearms
 11182 | D:10     | Reached skill level 8 in Armour
 11182 | D:10     | Reached skill level 7 in Dodging
 12056 | D:11     | Noticed a cyan ugly thing
 12226 | D:10     | HP: 18/80 [cyan ugly thing (12)]
 12234 | D:10     | Killed a cyan ugly thing
 12959 | D:11     | Found a staircase to the Orcish Mines.
 13196 | Lair:1   | Entered Level 1 of the Lair of Beasts
 13221 | Lair:1   | Reached XP level 12. HP: 71/86 MP: 22/22
 13618 | D:10     | Reached skill level 9 in Invocations
 13848 | D:10     | Reached skill level 7 in Short Blades
 13848 | D:10     | Reached skill level 7 in Long Blades
 13848 | D:10     | Reached skill level 7 in Axes
 13848 | D:10     | Reached skill level 7 in Maces & Flails
 13848 | D:10     | Reached skill level 7 in Staves
 13848 | D:10     | Reached skill level 7 in Slings
 13848 | D:10     | Reached skill level 7 in Bows
 13848 | D:10     | Reached skill level 7 in Crossbows
 13848 | D:10     | Reached skill level 7 in Throwing
 13848 | D:10     | Reached skill level 7 in Stealth
 13848 | D:10     | Reached skill level 7 in Shields
 13848 | D:10     | Reached skill level 7 in Unarmed Combat
 13848 | D:10     | Reached skill level 7 in Spellcasting
 13848 | D:10     | Reached skill level 7 in Evocations
 14168 | Lair:1   | HP: 20/87 [komodo dragon (14)]
 15387 | Lair:2   | You pick up a book of Spectacle and begin reading...
 15387 | Lair:2   | You add the spells Dazzling Flash, Iskenderun's Mystic
                  | Blast and Starburst to your library.
 15391 | Lair:2   | Noticed a four-headed hydra
 15402 | Lair:2   | Banished a four-headed hydra
 15403 | Lair:2   | Reached skill level 6 in Conjurations
 15403 | Lair:2   | Reached skill level 6 in Hexes
 15403 | Lair:2   | Reached skill level 6 in Summonings
 15403 | Lair:2   | Reached skill level 6 in Necromancy
 15403 | Lair:2   | Reached skill level 6 in Translocations
 15403 | Lair:2   | Reached skill level 6 in Transmutations
 15403 | Lair:2   | Reached skill level 6 in Fire Magic
 15403 | Lair:2   | Reached skill level 6 in Ice Magic
 15403 | Lair:2   | Reached skill level 6 in Air Magic
 15403 | Lair:2   | Reached skill level 6 in Earth Magic
 15403 | Lair:2   | Reached skill level 6 in Poison Magic
 15421 | Lair:2   | Found a frozen archway.
 15430 | IceCv    | Entered an ice cave
 16305 | IceCv    | HP: 17/87 [something (21)]
 17134 | IceCv    | Reached skill level 10 in Fighting
 17134 | IceCv    | Reached skill level 8 in Dodging
 17798 | IceCv    | Identified a scroll of acquirement
 17798 | IceCv    | Acquired the +0 pair of boots of Eternal Vigilance {rPois
                  | Str+4 Slay+2}
 17882 | IceCv    | Reached skill level 9 in Polearms
 17882 | IceCv    | Reached skill level 9 in Armour
 18106 | IceCv    | Noticed a reaper
 18108 | IceCv    | HP: 21/87 [reaper (2)]
 18131 | IceCv    | Corrupted IceCv
 18131 | IceCv    | Noticed a starcursed mass
 18131 | IceCv    | Noticed a thrashing horror
 18131 | IceCv    | Noticed a thrashing horror
 18131 | IceCv    | Noticed a hell knight
 18131 | IceCv    | Noticed a black draconian
 18131 | IceCv    | Noticed a starcursed mass
 18131 | IceCv    | Noticed a thrashing horror
 18131 | IceCv    | Noticed a balrug
 18131 | IceCv    | Noticed an Executioner
 18131 | IceCv    | Noticed a thrashing horror
 18131 | IceCv    | Noticed a bone dragon
 18136 | IceCv    | Killed a reaper
 18372 | IceCv    | You add the spells Ozocubu's Armour and Ozocubu's
                  | Refrigeration to your library.
 18990 | Lair:2   | Noticed a seven-headed hydra
 19002 | Lair:2   | Killed a four-headed hydra
 19003 | Lair:2   | Reached XP level 13. HP: 33/92 MP: 22/24
 19953 | Lair:3   | Reached skill level 8 in Short Blades
 19953 | Lair:3   | Reached skill level 8 in Long Blades
 19953 | Lair:3   | Reached skill level 8 in Axes
 19953 | Lair:3   | Reached skill level 8 in Maces & Flails
 19953 | Lair:3   | Reached skill level 8 in Staves
 19953 | Lair:3   | Reached skill level 8 in Slings
 19953 | Lair:3   | Reached skill level 8 in Bows
 19953 | Lair:3   | Reached skill level 8 in Crossbows
 19953 | Lair:3   | Reached skill level 8 in Throwing
 19953 | Lair:3   | Reached skill level 8 in Stealth
 19953 | Lair:3   | Reached skill level 8 in Shields
 19953 | Lair:3   | Reached skill level 8 in Unarmed Combat
 19953 | Lair:3   | Reached skill level 8 in Spellcasting
 19953 | Lair:3   | Reached skill level 8 in Evocations
 20484 | Lair:3   | Reached skill level 10 in Invocations
 20492 | Lair:3   | Found a hole to the Spider Nest.
 21126 | Lair:3   | Reached ***** piety under Lugonu
 21522 | Lair:3   | Found a staircase to the Shoals.
 21932 | Lair:4   | Found a dark tunnel.
 21942 | Volcano  | Entered a volcano
 22295 | Volcano  | Reached skill level 7 in Conjurations
 22295 | Volcano  | Reached skill level 7 in Hexes
 22295 | Volcano  | Reached skill level 7 in Summonings
 22295 | Volcano  | Reached skill level 7 in Necromancy
 22295 | Volcano  | Reached skill level 7 in Translocations
 22295 | Volcano  | Reached skill level 7 in Transmutations
 22295 | Volcano  | Reached skill level 7 in Fire Magic
 22295 | Volcano  | Reached skill level 7 in Ice Magic
 22295 | Volcano  | Reached skill level 7 in Air Magic
 22295 | Volcano  | Reached skill level 7 in Earth Magic
 22295 | Volcano  | Reached skill level 7 in Poison Magic
 22314 | Volcano  | HP: 22/93 [hell hound (2)]
 22319 | Volcano  | HP: 23/93 [smoke demon (3)]
 22321 | Volcano  | Corrupted Volcano
 22322 | Volcano  | Noticed a rakshasa
 22322 | Volcano  | HP: 2/93 [smoke demon/ball of steam (15)]
 22334 | Volcano  | Noticed a bone dragon
 22360 | Volcano  | Noticed a tentacled starspawn
 22868 | Volcano  | Noticed a fire dragon
 22870 | Volcano  | Banished a fire dragon
 23016 | Lair:4   | Reached skill level 9 in Dodging
 23315 | Lair:4   | You pick up a book of Decay and begin reading...
 23315 | Lair:4   | You add the spells Dispel Undead and Death Channel to your
                  | library.
 24023 | Lair:5   | Found a gate leading to a gauntlet.
 24035 | Gauntlet | Entered a Gauntlet
 24035 | Gauntlet | Found a transporter.
 24035 | Gauntlet | Found a transporter.
 24053 | Gauntlet | Found a transporter.
 24057 | Gauntlet | Found a transporter.
 24069 | Gauntlet | Found a transporter.
 24070 | Gauntlet | Found a transporter.
 24071 | Gauntlet | Noticed a quicksilver ooze
 24073 | Gauntlet | Found a runed translucent door.
 24078 | Gauntlet | Found a runed translucent door.
 24080 | Gauntlet | Found a transporter.
 24100 | Gauntlet | Found a transporter.
 24111 | Gauntlet | Found a transporter.
 24115 | Gauntlet | Found a transporter.
 24123 | Gauntlet | Found a transporter.
 24127 | Gauntlet | Found a transporter.
 24502 | Gauntlet | You pick up a book of Maledictions and begin reading...
 24502 | Gauntlet | You add the spells Ensorcelled Hibernation and Tukima's
                  | Dance to your library.
 24564 | Gauntlet | Noticed a minotaur
 24573 | Gauntlet | Killed a minotaur
 24871 | Gauntlet | Lost mutation: You are frail. (-10% HP) [potion of
                  | mutation]
 24871 | Gauntlet | Lost mutation: You have a pair of small horns on your head.
                  | [potion of mutation]
 24871 | Gauntlet | Gained mutation: Armour fits poorly on your strangely
                  | shaped body. [potion of mutation]
 24871 | Gauntlet | Gained mutation: You expend magic power (3 MP) to
                  | strengthen your wands. [potion of mutation]
 24871 | Gauntlet | Lost mutation: You expend magic power (3 MP) to strengthen
                  | your wands. [potion of mutation]
 24871 | Gauntlet | Gained mutation: You have sharp toenails. [potion of
                  | mutation]
 24872 | Gauntlet | Lost mutation: Armour fits poorly on your strangely shaped
                  | body. [potion of mutation]
 24872 | Gauntlet | Lost mutation: You have sharp toenails. [potion of
                  | mutation]
 24872 | Gauntlet | Gained mutation: You tend to lose your temper in combat.
                  | [potion of mutation]
 24872 | Gauntlet | Lost mutation: You tend to lose your temper in combat.
                  | [potion of mutation]
 25044 | Lair:5   | Reached XP level 14. HP: 111/111 MP: 26/26
 25206 | Lair:5   | Reached skill level 10 in Polearms
 25206 | Lair:5   | Reached skill level 10 in Armour
 25264 | Lair:5   | HP: 22/111 [blink frog (14)]
 25615 | Lair:4   | Reached skill level 11 in Fighting
 25615 | Lair:4   | Reached skill level 9 in Short Blades
 25615 | Lair:4   | Reached skill level 9 in Long Blades
 25615 | Lair:4   | Reached skill level 9 in Axes
 25615 | Lair:4   | Reached skill level 9 in Maces & Flails
 25615 | Lair:4   | Reached skill level 9 in Staves
 25615 | Lair:4   | Reached skill level 9 in Slings
 25615 | Lair:4   | Reached skill level 9 in Bows
 25615 | Lair:4   | Reached skill level 9 in Crossbows
 25615 | Lair:4   | Reached skill level 9 in Throwing
 25615 | Lair:4   | Reached skill level 9 in Stealth
 25615 | Lair:4   | Reached skill level 9 in Shields
 25615 | Lair:4   | Reached skill level 9 in Unarmed Combat
 25615 | Lair:4   | Reached skill level 9 in Spellcasting
 25615 | Lair:4   | Reached skill level 9 in Evocations
 26385 | Lair:5   | You pick up a book of Spectacle and begin reading...
 26460 | Lair:5   | Found a viscous altar of Jiyva.
 26460 | Lair:5   | Found a staircase to the Slime Pits.
 26627 | Lair:5   | a scroll of fear; a +0 quick blade {rare}
 26627 | Lair:5   | a scroll of fear; a +0 quick blade {rare}
 26636 | Lair:5   | c - a +0 quick blade {rare}
 27139 | Lair:6   | Entered Level 6 of the Lair of Beasts
 27779 | Lair:6   | Noticed Nessos
 28086 | Lair:5   | Reached skill level 11 in Invocations
 28374 | Lair:6   | Killed Nessos
 29640 | Lair:6   | Noticed Kirke
 30004 | Lair:6   | Learned a level 2 spell: Ensorcelled Hibernation
 30008 | Lair:6   | Learned a level 3 spell: Tukima's Dance
 30011 | Lair:6   | Learned a level 2 spell: Poisonous Vapours
 30137 | Lair:6   | Reached skill level 8 in Conjurations
 30137 | Lair:6   | Reached skill level 8 in Hexes
 30137 | Lair:6   | Reached skill level 8 in Summonings
 30137 | Lair:6   | Reached skill level 8 in Necromancy
 30137 | Lair:6   | Reached skill level 8 in Translocations
 30137 | Lair:6   | Reached skill level 8 in Transmutations
 30137 | Lair:6   | Reached skill level 8 in Fire Magic
 30137 | Lair:6   | Reached skill level 8 in Ice Magic
 30137 | Lair:6   | Reached skill level 8 in Air Magic
 30137 | Lair:6   | Reached skill level 8 in Earth Magic
 30137 | Lair:6   | Reached skill level 8 in Poison Magic
 30334 | Lair:6   | Reached skill level 10 in Dodging
 31004 | Lair:6   | Reached XP level 15. HP: 118/119 MP: 28/28
 31636 | Lair:6   | Killed Kirke
 32258 | Lair:6   | You pick up a book of Transfigurations and begin reading...
 32258 | Lair:6   | You add the spells Irradiate and Dragon Form to your
                  | library.
 33005 | Orc:1    | Entered Level 1 of the Orcish Mines
 33081 | D:9      | Bought the amulet of Vitality {Regen+ HP+15} for 1343 gold
                  | pieces
 33081 | D:9      | Found the amulet of Vitality {Regen+ HP+15}
 33267 | Orc:1    | Reached skill level 10 in Short Blades
 33267 | Orc:1    | Reached skill level 10 in Long Blades
 33267 | Orc:1    | Reached skill level 10 in Axes
 33267 | Orc:1    | Reached skill level 10 in Maces & Flails
 33267 | Orc:1    | Reached skill level 10 in Staves
 33267 | Orc:1    | Reached skill level 10 in Slings
 33267 | Orc:1    | Reached skill level 10 in Bows
 33267 | Orc:1    | Reached skill level 10 in Crossbows
 33267 | Orc:1    | Reached skill level 10 in Throwing
 33267 | Orc:1    | Reached skill level 10 in Stealth
 33267 | Orc:1    | Reached skill level 10 in Shields
 33267 | Orc:1    | Reached skill level 10 in Unarmed Combat
 33267 | Orc:1    | Reached skill level 10 in Spellcasting
 33267 | Orc:1    | Reached skill level 10 in Evocations
 33563 | Orc:1    | You fall into a shaft and drop 1 floor!
 33563 | Orc:2    | Entered Level 2 of the Orcish Mines
 33577 | Orc:2    | Noticed Saint Roka
 33724 | Orc:1    | Reached ****** piety under Lugonu
 33725 | Orc:1    | Do you wish to have your +0 quick blade {rare} corrupted
                  | with distortion?
 33725 | Orc:1    | Identified a +2 quick blade of distortion {rare} (a +0
                  | quick blade {rare} corrupted by Lugonu)
 33725 | Orc:1    | Your quick blade {rare} shines brightly!
 33725 | Orc:1    | Received a gift from Lugonu
 33726 | Orc:1    | your +2 quick blade of distortion {rare} glows red for a
                  | moment.
 33727 | Orc:1    | your +3 quick blade of distortion {rare} glows red for a
                  | moment.
 33728 | Orc:1    | your +4 quick blade of distortion {rare} glows red for a
                  | moment.
 33729 | Orc:1    | your +5 quick blade of distortion {rare} glows red for a
                  | moment.
 33730 | Orc:1    | your +6 quick blade of distortion {rare} glows red for a
                  | moment.
 33731 | Orc:1    | c - a +7 quick blade of distortion (weapon) {rare}
 34005 | Orc:2    | HP: 28/132 [orc warrior (19)]
 34229 | Orc:2    | Killed Saint Roka
 34230 | Orc:2    | Reached skill level 11 in Polearms
 34230 | Orc:2    | Reached skill level 11 in Armour
 34358 | Orc:2    | Found Omuynkyu's Antique Weapon Shop.
 34360 | Orc:2    | Found Matsoza's Antique Armour Boutique.
 34582 | Orc:2    | Found a staircase to the Elven Halls.
 34773 | Orc:2    | Found a runed translucent gate.
 34773 | Orc:2    | Found a runed translucent gate.
 34798 | Orc:2    | Found a runed translucent gate.
 34800 | Orc:2    | Noticed robertstho's ghost (journeyman DjFE)
 34928 | Orc:2    | Killed robertstho's ghost
 35205 | Orc:2    | Reached skill level 12 in Fighting
 35354 | Orc:2    | Found Ediacs's General Store.
 35596 | Orc:2    | Found Qucvil's Jewellery Shop.
 35800 | Orc:2    | Bought a cloak for 108 gold pieces
 35905 | D:12     | Reached skill level 12 in Invocations
 36175 | D:12     | Acquired 638 gold pieces
 36360 | D:12     | Found Viczof's Distillery.
 36797 | D:13     | Reached XP level 16. HP: 127/127 MP: 30/30
 37519 | D:14     | Reached skill level 9 in Conjurations
 37519 | D:14     | Reached skill level 9 in Hexes
 37519 | D:14     | Reached skill level 9 in Summonings
 37519 | D:14     | Reached skill level 9 in Necromancy
 37519 | D:14     | Reached skill level 9 in Translocations
 37519 | D:14     | Reached skill level 9 in Transmutations
 37519 | D:14     | Reached skill level 9 in Fire Magic
 37519 | D:14     | Reached skill level 9 in Ice Magic
 37519 | D:14     | Reached skill level 9 in Air Magic
 37519 | D:14     | Reached skill level 9 in Earth Magic
 37519 | D:14     | Reached skill level 9 in Poison Magic
 37787 | D:14     | Reached skill level 11 in Dodging
 38000 | D:14     | Identified the ring "Caatats" {*Slow rElec rC+ Int+6
                  | Slay+3}
 38000 | D:14     | Identified the +8 war axe of Division {vorpal, Str+4}
 38001 | D:14     | You add the spells Fireball, Borgnjor's Vile Clutch and
                  | Death's Door to your library.
 38001 | D:14     | Got the Catalogue of Scorching Necromancy
 38001 | D:14     | You pick up a book of Sloth and begin reading...
 38001 | D:14     | You add the spells Petrify, Metabolic Englaciation and
                  | Statue Form to your library.
 38399 | D:14     | Found a gate to the Vaults.
 38476 | D:14     | Reached skill level 11 in Short Blades
 38476 | D:14     | Reached skill level 11 in Long Blades
 38476 | D:14     | Reached skill level 11 in Axes
 38476 | D:14     | Reached skill level 11 in Maces & Flails
 38476 | D:14     | Reached skill level 11 in Staves
 38476 | D:14     | Reached skill level 11 in Slings
 38476 | D:14     | Reached skill level 11 in Bows
 38476 | D:14     | Reached skill level 11 in Crossbows
 38476 | D:14     | Reached skill level 11 in Throwing
 38476 | D:14     | Reached skill level 11 in Stealth
 38476 | D:14     | Reached skill level 11 in Shields
 38476 | D:14     | Reached skill level 11 in Unarmed Combat
 38476 | D:14     | Reached skill level 11 in Spellcasting
 38476 | D:14     | Reached skill level 11 in Evocations
 38734 | D:15     | Entered Level 15 of the Dungeon
 38835 | D:15     | Found a staircase to the Depths.
 39161 | D:15     | Reached skill level 12 in Polearms
 39161 | D:15     | Reached skill level 12 in Armour
 39219 | D:15     | Reached XP level 17. HP: 108/135 MP: 32/32
 39534 | D:15     | Noticed Roxanne
 39579 | D:15     | Killed Roxanne
 39581 | D:15     | You pick up a book of the Earth and begin reading...
 39581 | D:15     | You add the spells Leda's Liquefaction and Lee's Rapid
                  | Deconstruction to your library.
 39639 | D:15     | Found Poig's Firing Range.
 39950 | D:15     | Learned a level 3 spell: Teleport Other
 40006 | D:15     | Reached skill level 13 in Fighting
 40006 | D:15     | Reached skill level 13 in Invocations
 40006 | D:15     | Upgraded the game from 0.28-a0-503-g83f2989fac to
                  | 0.28-a0-511-gcc94558de3
 40006 | D:15     | magus.rc [v1.9.10]
 40134 | D:10     | Corrupted D:10
 40447 | D:10     | Identified the +4 scimitar of Exhibitionism {freeze, rElec
                  | Str+3 Int+3 Stlth-}
 40590 | Shoals:1 | Entered Level 1 of the Shoals
 40609 | Shoals:1 | Noticed Josephine
 40641 | Shoals:1 | Killed Josephine
 40764 | Shoals:1 | You pick up a book of Burglary and begin reading...
 40764 | Shoals:1 | You add the spells Passwall, Swiftness and Invisibility to
                  | your library.
 40879 | Shoals:1 | your +7 quick blade of distortion {rare} glows red for a
                  | moment.
 41038 | Shoals:1 | Identified the ring of the Thistle {rElec rF+++ rCorr Str+6
                  | Int-2}
 41212 | Shoals:1 | HP: 36/152 [some deep water collision (11)]
 41235 | Shoals:1 | HP: 37/152 [faun (6)]
 41242 | Shoals:1 | HP: 30/152 [merfolk siren (14)]
 41502 | Shoals:2 | Reached skill level 12 in Dodging
 41639 | Shoals:2 | Acquired the +3 cloak "Lauliwnung" {Harm rCorr SInv}
 41666 | Shoals:2 | Found Cere's Book Boutique.
 42038 | Shoals:2 | Noticed Ilsuiw
 42056 | Shoals:3 | Found Pashitra's Antique Weapon Boutique.
 42068 | Shoals:3 | Reached skill level 10 in Conjurations
 42068 | Shoals:3 | Reached skill level 10 in Hexes
 42068 | Shoals:3 | Reached skill level 10 in Summonings
 42068 | Shoals:3 | Reached skill level 10 in Necromancy
 42068 | Shoals:3 | Reached skill level 10 in Translocations
 42068 | Shoals:3 | Reached skill level 10 in Transmutations
 42068 | Shoals:3 | Reached skill level 10 in Fire Magic
 42068 | Shoals:3 | Reached skill level 10 in Ice Magic
 42068 | Shoals:3 | Reached skill level 10 in Air Magic
 42068 | Shoals:3 | Reached skill level 10 in Earth Magic
 42068 | Shoals:3 | Reached skill level 10 in Poison Magic
 42423 | Shoals:2 | Identified the +6 shortbow of Okawaru's Condemnation
                  | {vorpal, rElec rCorr Str+2 Dex+3}
 42443 | Shoals:2 | Noticed Polyphemus
 42479 | Shoals:2 | HP: 38/152 [Polyphemus (22)]
 42718 | Shoals:2 | Killed Polyphemus
 42797 | Shoals:2 | HP: 37/152 [merfolk javelineer/javelin (11)]
 42797 | Shoals:2 | HP: 15/152 [merfolk impaler (22)]
 43108 | Shoals:2 | HP: 34/152 [merfolk javelineer/javelin (6)]
 43111 | Shoals:2 | HP: 14/152 [merfolk javelineer/javelin (16)]
 43112 | Shoals:2 | HP: 6/152 [merfolk javelineer (3)]
 43537 | Shoals:2 | Killed Ilsuiw
 43634 | Shoals:3 | Found Rinenlaqy's Magic Scroll Emporium.
 43634 | Shoals:3 | Found Xeoshrue's Armour Shop.
 43671 | Shoals:3 | Bought a +2 helmet of intelligence for 279 gold pieces
 43671 | Shoals:3 | Bought the +5 leather armour of Resilience {rPois Str-2
                  | Dex+7} for 633 gold pieces
 43697 | Shoals:3 | Learned a level 4 spell: Iskenderun's Mystic Blast
 43703 | Shoals:3 | Learned a level 5 spell: Irradiate
 43707 | Shoals:3 | Learned a level 3 spell: Ozocubu's Armour
 43736 | Shoals:3 | Bought a scroll of acquirement for 676 gold pieces
 43736 | Shoals:3 | Acquired the amulet "Ymatuf Ycse" {RegenMP Regen+ Str+7}
 43764 | Shoals:3 | Found a runed translucent door.
 43795 | Shoals:3 | Found Joif's Distillery.
 43868 | Shoals:3 | Identified the +1 shortbow "Zystry Rose" {freeze, rF++
                  | Int+3 Dex+2}
 43886 | Shoals:3 | Reached skill level 12 in Short Blades
 43886 | Shoals:3 | Reached skill level 12 in Long Blades
 43886 | Shoals:3 | Reached skill level 12 in Axes
 43886 | Shoals:3 | Reached skill level 12 in Maces & Flails
 43886 | Shoals:3 | Reached skill level 12 in Staves
 43886 | Shoals:3 | Reached skill level 12 in Slings
 43886 | Shoals:3 | Reached skill level 12 in Bows
 43886 | Shoals:3 | Reached skill level 12 in Crossbows
 43886 | Shoals:3 | Reached skill level 12 in Throwing
 43886 | Shoals:3 | Reached skill level 12 in Stealth
 43886 | Shoals:3 | Reached skill level 12 in Shields
 43886 | Shoals:3 | Reached skill level 12 in Unarmed Combat
 43886 | Shoals:3 | Reached skill level 12 in Spellcasting
 43886 | Shoals:3 | Reached skill level 12 in Evocations
 43942 | Shoals:3 | Bought an ancient great sword for 172 gold pieces
 43942 | Shoals:3 | Identified the +8 great sword of Anguish {venom, rF+ Dex+3}
                  | (You bought it in a shop on level 3 of the Shoals)
 43942 | Shoals:3 | Bought a jewelled rapier for 135 gold pieces
 43942 | Shoals:3 | Identified the +7 rapier of Spite {vorpal, rElec rF+} (You
                  | bought it in a shop on level 3 of the Shoals)
 44005 | Shoals:3 | You pick up a book of the Earth and begin reading...
 44102 | Shoals:3 | Noticed Weumay's ghost (adept DrAr)
 44184 | Shoals:3 | Banished Weumay's ghost
 44190 | Shoals:3 | Identified the ring "Vihaikla" {rC+ rCorr Str+4}
 44242 | Shoals:4 | Entered Level 4 of the Shoals
 44314 | Shoals:4 | Paralysed by an air elemental for 1 turns
 44326 | Shoals:4 | Noticed Donald
 44348 | Shoals:4 | Reached XP level 18. HP: 80/144 MP: 34/34
 44353 | Shoals:4 | Killed Donald
 44370 | Shoals:4 | HP: 24/145 [wind drake/the air (20)]
 44397 | Abyss:1  | HP: 18/145 [tentacled starspawn (20)]
 44497 | Shoals:4 | You pass through the gate.
 44497 | Shoals:4 | Escaped the Abyss
 44498 | Shoals:4 | Corrupted Shoals:4
 44599 | Shoals:4 | Reached skill level 13 in Polearms
 44599 | Shoals:4 | Reached skill level 13 in Armour
 44848 | Shoals:4 | Reached skill level 14 in Invocations
 45011 | Shoals:4 | Paralysed by an air elemental for 1 turns
 45023 | Shoals:4 | Paralysed by an air elemental for 1 turns
 45066 | Shoals:4 | Paralysed by an air elemental for 1 turns
 45203 | Shoals:4 | Got a barnacled rune of Zot
 45305 | Shoals:4 | Paralysed by an air elemental for 1 turns
 45417 | Shoals:4 | Paralysed by an air elemental for 1 turns
 45676 | Shoals:2 | Bought the Unrestrained Analects for 660 gold pieces
 45676 | Shoals:2 | You add the spells Olgreb's Toxic Radiance and Ignition to
                  | your library.
 45681 | Shoals:2 | Learned a level 4 spell: Olgreb's Toxic Radiance
 45688 | Shoals:2 | Learned a level 6 spell: Statue Form
 45804 | Spider:1 | Entered Level 1 of the Spider Nest
 46233 | Spider:1 | Reached skill level 14 in Fighting
 47408 | Spider:2 | Reached skill level 13 in Dodging
 48038 | Spider:3 | Reached XP level 19. HP: 152/152 MP: 33/35
 48299 | Spider:4 | Entered Level 4 of the Spider Nest
 48299 | Spider:4 | Noticed Louise
 48312 | Spider:4 | Killed Louise
 48527 | Spider:4 | Reached skill level 11 in Conjurations
 48527 | Spider:4 | Reached skill level 11 in Hexes
 48527 | Spider:4 | Reached skill level 11 in Summonings
 48527 | Spider:4 | Reached skill level 11 in Necromancy
 48527 | Spider:4 | Reached skill level 11 in Translocations
 48527 | Spider:4 | Reached skill level 11 in Transmutations
 48527 | Spider:4 | Reached skill level 11 in Fire Magic
 48527 | Spider:4 | Reached skill level 11 in Ice Magic
 48527 | Spider:4 | Reached skill level 11 in Air Magic
 48527 | Spider:4 | Reached skill level 11 in Earth Magic
 48527 | Spider:4 | Reached skill level 11 in Poison Magic
 48810 | Spider:4 | Reached skill level 13 in Short Blades
 48810 | Spider:4 | Reached skill level 13 in Long Blades
 48810 | Spider:4 | Reached skill level 13 in Axes
 48810 | Spider:4 | Reached skill level 13 in Maces & Flails
 48810 | Spider:4 | Reached skill level 13 in Staves
 48810 | Spider:4 | Reached skill level 13 in Slings
 48810 | Spider:4 | Reached skill level 13 in Bows
 48810 | Spider:4 | Reached skill level 13 in Crossbows
 48810 | Spider:4 | Reached skill level 13 in Throwing
 48810 | Spider:4 | Reached skill level 13 in Stealth
 48810 | Spider:4 | Reached skill level 13 in Shields
 48810 | Spider:4 | Reached skill level 13 in Unarmed Combat
 48810 | Spider:4 | Reached skill level 13 in Spellcasting
 48810 | Spider:4 | Reached skill level 13 in Evocations
 49003 | Spider:4 | Noticed Arachne
 49316 | Spider:4 | Banished Arachne
 49419 | Spider:4 | Got a gossamer rune of Zot
 49702 | Depths:1 | Entered Level 1 of the Depths
 49735 | Depths:1 | You pick up a book of Beasts and begin reading...
 49735 | Depths:1 | You add the spells Summon Ice Beast, Summon Mana Viper and
                  | Monstrous Menagerie to your library.
 49789 | Depths:1 | Paralysed by a vampire knight for 3 turns
 49810 | D:15     | Reached skill level 15 in Invocations
 49915 | D:15     | Learned a level 4 spell: Dispel Undead
 49957 | Depths:1 | Reached skill level 14 in Polearms
 49957 | Depths:1 | Reached skill level 14 in Armour
 49970 | D:15     | HP: 23/153 [white very ugly thing (32)]
 50229 | Depths:1 | You add the spells Agony and Necromutation to your library.
 50229 | Depths:1 | Got Goif's Almanac of the Blessed Realm
 50658 | Depths:1 | Acquired a +1 pair of gloves of stealth
 50888 | Depths:1 | Reached XP level 20. HP: 144/161 MP: 32/37
 50924 | Depths:1 | Found a gateway to Hell.
 51002 | Depths:1 | Found a hazy altar of Hepliaklqana.
 51427 | Depths:2 | Found a one-way gate to the infinite horrors of the Abyss.
 51441 | Depths:2 | Found a one-way gate leading to the halls of Pandemonium.
 51501 | Depths:2 | your +8 quick blade of distortion {rare} glows red for a
                  | moment.
 51558 | Depths:2 | Reached skill level 15 in Fighting
 51846 | Depths:2 | Paralysed by a floating eye for 2 turns
 51850 | Depths:2 | Paralysed by a floating eye for 3 turns
 51868 | Depths:2 | HP: 20/162 [lich/bolt of cold (55)]
 52161 | Depths:2 | Reached skill level 14 in Dodging
 52638 | Depths:4 | Entered Level 4 of the Depths
 52673 | Depths:4 | Identified the amulet of Compassion {Regen+ Int+4}
 53309 | Depths:3 | Noticed a caustic shrike
 53323 | Depths:3 | Reached skill level 14 in Short Blades
 53323 | Depths:3 | Reached skill level 14 in Long Blades
 53323 | Depths:3 | Reached skill level 14 in Axes
 53323 | Depths:3 | Reached skill level 14 in Maces & Flails
 53323 | Depths:3 | Reached skill level 14 in Staves
 53323 | Depths:3 | Reached skill level 14 in Slings
 53323 | Depths:3 | Reached skill level 14 in Bows
 53323 | Depths:3 | Reached skill level 14 in Crossbows
 53323 | Depths:3 | Reached skill level 14 in Throwing
 53323 | Depths:3 | Reached skill level 14 in Stealth
 53323 | Depths:3 | Reached skill level 14 in Shields
 53323 | Depths:3 | Reached skill level 14 in Unarmed Combat
 53323 | Depths:3 | Reached skill level 14 in Spellcasting
 53323 | Depths:3 | Reached skill level 14 in Evocations
 53323 | Depths:3 | HP: 18/162 [living spell/crystal spear[a walking crystal
                  | tome] (60)]
 53952 | Depths:3 | You pick up a book of Air and begin reading...
 54078 | Depths:3 | Noticed a juggernaut
 54163 | Depths:3 | Reached skill level 12 in Conjurations
 54163 | Depths:3 | Reached skill level 12 in Hexes
 54163 | Depths:3 | Reached skill level 12 in Summonings
 54163 | Depths:3 | Reached skill level 12 in Necromancy
 54163 | Depths:3 | Reached skill level 12 in Translocations
 54163 | Depths:3 | Reached skill level 12 in Transmutations
 54163 | Depths:3 | Reached skill level 12 in Fire Magic
 54163 | Depths:3 | Reached skill level 12 in Ice Magic
 54163 | Depths:3 | Reached skill level 12 in Air Magic
 54163 | Depths:3 | Reached skill level 12 in Earth Magic
 54163 | Depths:3 | Reached skill level 12 in Poison Magic
 54171 | Depths:3 | Killed a juggernaut
 54210 | Depths:3 | Reached XP level 21. HP: 169/169 MP: 39/39
 54224 | Depths:3 | Killed a caustic shrike
 54253 | Depths:3 | Reached skill level 16 in Invocations
 54324 | Depths:3 | Identified the +7 shortbow of Luloorit {venom, Fragile
                  | Dex+6 Stlth+}
 54325 | Depths:3 | +0 storm dragon scales {rare}; a storm dragon corpse
 54434 | Depths:3 | Identified +0 gold dragon scales
 54438 | Depths:3 | Reached skill level 15 in Polearms
 54438 | Depths:3 | Reached skill level 15 in Armour
 54494 | Depths:3 | +0 gold dragon scales {rare}; a golden dragon corpse
 54497 | Depths:3 | C - +0 gold dragon scales {rare}
 54503 | Depths:3 | You pick up a book of Power and begin reading...
 54503 | Depths:3 | You add the spells Iskenderun's Battlesphere, Iron Shot and
                  | Spellforged Servitor to your library.
 54508 | Depths:3 | You pick up a book of Geomancy and begin reading...
 54508 | Depths:3 | You add the spells Sandblast and Stone Arrow to your
                  | library.
 54654 | Depths:3 | You pick up a book of Death and begin reading...
 54683 | Depths:3 | Identified the +7 rapier "Geonygol" {freeze, Fragile rN+
                  | Dex+3 SInv}
 54685 | Depths:3 | You pick up a book of Iron and begin reading...
 54689 | Depths:3 | Identified the +8 great sword of Discord {pain, Stlth+}
 54710 | Depths:3 | Got Ethraisko's Collected Works on Congealing Curses
 55085 | Depths:4 | HP: 32/170 [green draconian scorcher/damnation (46)]
 55243 | Depths:4 | Found Muytiutz's Assorted Antiques.
 55270 | Depths:4 | Found Onunit's Armour Shoppe.
 55271 | Depths:4 | Found Bouclo's Magic Scroll Emporium.
 55293 | Depths:4 | Found a gateway to a ziggurat.
 55488 | Depths:4 | Found Rauxol's Magic Scroll Shop.
 55496 | Depths:4 | Found Nosil's Antique Armour Shoppe.
 55699 | Depths:4 | Found a gate to the Realm of Zot.
 55857 | Depths:4 | Identified the +5 tower shield of Jigsaw {rF- rCorr Int+2
                  | Slay+2}
 55857 | Depths:4 | Noticed Mennas
 55866 | Depths:4 | Banished Mennas
 55867 | Depths:4 | Noticed a caustic shrike
 55871 | Depths:4 | Found Myroomeoha's Weapon Emporium.
 55871 | Depths:4 | Noticed a caustic shrike
 55872 | Depths:4 | Noticed a caustic shrike
 55878 | Depths:4 | Killed a caustic shrike
 55891 | Depths:4 | Killed a caustic shrike
 55893 | Depths:4 | Killed a caustic shrike
 56057 | Depths:4 | Paralysed by a great orb of eyes for 6 turns
 56075 | Depths:4 | You pick up a book of Geomancy and begin reading...
 56080 | Depths:4 | You pick up a book of Weapons and begin reading...
 56323 | Depths:2 | Voluntarily entered the Abyss.
 56323 | Abyss:1  | Found a corrupted altar of Lugonu.
 56357 | Abyss:1  | Found a corrupted altar of Lugonu.
 56366 | Abyss:1  | Killed Arachne
 56413 | Depths:2 | You pass through the gate.
 56413 | Depths:2 | Escaped the Abyss
 56443 | Depths:2 | Voluntarily entered the Abyss.
 56471 | Abyss:1  | You pick up a book of Party Tricks and begin reading...
 56471 | Abyss:1  | You add the spells Apportation and Alistair's Intoxication
                  | to your library.
 56726 | Abyss:1  | Reached skill level 16 in Fighting
 56771 | Abyss:1  | Killed Mennas
 56772 | Abyss:1  | Reached skill level 15 in Dodging
 56780 | Depths:2 | You pass through the gate.
 56780 | Depths:2 | Escaped the Abyss
 56839 | Depths:2 | You drop +0 gold dragon scales {rare}.
 56855 | Depths:2 | Voluntarily entered the Abyss.
 56929 | Abyss:1  | Reached XP level 22. HP: 178/178 MP: 40/40
 57558 | Abyss:2  | Found a corrupted altar of Lugonu.
 57697 | Abyss:2  | Paralysed by accursed screaming for 1 turns
 58026 | Abyss:3  | Reached skill level 15 in Short Blades
 58026 | Abyss:3  | Reached skill level 15 in Long Blades
 58026 | Abyss:3  | Reached skill level 15 in Axes
 58026 | Abyss:3  | Reached skill level 15 in Maces & Flails
 58026 | Abyss:3  | Reached skill level 15 in Staves
 58026 | Abyss:3  | Reached skill level 15 in Slings
 58026 | Abyss:3  | Reached skill level 15 in Bows
 58026 | Abyss:3  | Reached skill level 15 in Crossbows
 58026 | Abyss:3  | Reached skill level 15 in Throwing
 58026 | Abyss:3  | Reached skill level 15 in Stealth
 58026 | Abyss:3  | Reached skill level 15 in Shields
 58026 | Abyss:3  | Reached skill level 15 in Unarmed Combat
 58026 | Abyss:3  | Reached skill level 15 in Spellcasting
 58026 | Abyss:3  | Reached skill level 15 in Evocations
 58211 | Abyss:3  | Got an abyssal rune of Zot
 58301 | Abyss:3  | HP: 44/178 [guardian serpent (shapeshifter) (15)]
 58597 | Abyss:3  | Found a corrupted altar of Lugonu.
 58650 | Depths:2 | You pass through the gate.
 58650 | Depths:2 | Escaped the Abyss
 58809 | Depths:4 | Bought a scroll of enchant weapon for 112 gold pieces
 58809 | Depths:4 | Bought a scroll of enchant armour for 112 gold pieces
 58834 | Depths:4 | Bought a scroll of enchant armour for 120 gold pieces
 58834 | Depths:4 | Bought a scroll of enchant weapon for 120 gold pieces
 59057 | D:8      | Bought a scroll of enchant armour for 165 gold pieces
 59057 | D:8      | Bought a potion of heal wounds for 110 gold pieces
 59057 | D:8      | Bought a scroll of summoning for 209 gold pieces
 59189 | Vaults:1 | Entered Level 1 of the Vaults
 59221 | Vaults:1 | Identified the +8 shortbow of an ossuary {flame, Int+3}
 59636 | Vaults:1 | Reached skill level 17 in Invocations
 59669 | Vaults:1 | Learned a level 1 spell: Apportation
 60095 | Vaults:1 | Identified the +1 scale mail of Minor Irritation {Int+4
                  | Dex+4}
 60610 | Vaults:2 | Reached skill level 13 in Conjurations
 60610 | Vaults:2 | Reached skill level 13 in Hexes
 60610 | Vaults:2 | Reached skill level 13 in Summonings
 60610 | Vaults:2 | Reached skill level 13 in Necromancy
 60610 | Vaults:2 | Reached skill level 13 in Translocations
 60610 | Vaults:2 | Reached skill level 13 in Transmutations
 60610 | Vaults:2 | Reached skill level 13 in Fire Magic
 60610 | Vaults:2 | Reached skill level 13 in Ice Magic
 60610 | Vaults:2 | Reached skill level 13 in Air Magic
 60610 | Vaults:2 | Reached skill level 13 in Earth Magic
 60610 | Vaults:2 | Reached skill level 13 in Poison Magic
 60623 | Vaults:2 | You fall into a shaft and drop 1 floor!
 60812 | Vaults:3 | Found Tajamp's Book Shoppe.
 61153 | Vaults:3 | Reached skill level 16 in Polearms
 61153 | Vaults:3 | Reached skill level 16 in Armour
 61200 | Vaults:3 | Found the macabre finger necklace {rN+}
 61222 | Vaults:3 | Noticed Xtahua
 61229 | Vaults:3 | Killed Xtahua
 61449 | Vaults:3 | Reached XP level 23. HP: 170/186 MP: 28/42
 61604 | Vaults:3 | Identified the +1 leather armour "Vehet" {Dex+4}
 62376 | Vaults:2 | Paralysed by a great orb of eyes for 4 turns
 62575 | Vaults:2 | Found a staircase to the Crypt.
 62743 | Vaults:2 | Noticed Boris
 62748 | Vaults:2 | Killed Boris
 62813 | Vaults:2 | Noticed Nikola
 62837 | Vaults:2 | Killed Nikola
 63482 | Vaults:4 | Reached skill level 16 in Dodging
 63814 | Vaults:4 | Reached skill level 17 in Fighting
 64600 | Orc:2    | Bought jewelled ice dragon scales for 1560 gold pieces
 64600 | Orc:2    | Identified the +0 ice dragon scales of Disguise {rF- rC++
                  | Dex+5} (You bought it in a shop on level 2 of the Orcish
                  | Mines)
 64856 | Shoals:3 | Bought a scroll of enchant armour for 97 gold pieces
 64856 | Shoals:3 | Bought 2 scrolls of magic mapping for 91 gold pieces
 64856 | Shoals:3 | Bought a scroll of magic mapping for 45 gold pieces
 64856 | Shoals:3 | Bought a scroll of magic mapping for 45 gold pieces
 64856 | Shoals:3 | Bought a scroll of summoning for 123 gold pieces
 65161 | Depths:4 | Bought a scroll of magic mapping for 52 gold pieces
 65161 | Depths:4 | Bought a scroll of magic mapping for 52 gold pieces
 65186 | Depths:4 | Bought a scroll of magic mapping for 56 gold pieces
 65381 | Elf:1    | Entered Level 1 of the Elven Halls
 65410 | Elf:1    | Reached skill level 16 in Short Blades
 65410 | Elf:1    | Reached skill level 16 in Long Blades
 65410 | Elf:1    | Reached skill level 16 in Axes
 65410 | Elf:1    | Reached skill level 16 in Maces & Flails
 65410 | Elf:1    | Reached skill level 16 in Staves
 65410 | Elf:1    | Reached skill level 16 in Slings
 65410 | Elf:1    | Reached skill level 16 in Bows
 65410 | Elf:1    | Reached skill level 16 in Crossbows
 65410 | Elf:1    | Reached skill level 16 in Throwing
 65410 | Elf:1    | Reached skill level 16 in Stealth
 65410 | Elf:1    | Reached skill level 16 in Shields
 65410 | Elf:1    | Reached skill level 16 in Unarmed Combat
 65410 | Elf:1    | Reached skill level 16 in Spellcasting
 65410 | Elf:1    | Reached skill level 16 in Evocations
 65645 | Elf:1    | Found an ancient bone altar of Kikubaaqudgha.
 65667 | Elf:1    | Noticed Azrael
 65687 | Elf:1    | Killed Azrael
 65693 | Elf:1    | You are cast into the Abyss!
 65693 | Elf:1    | Cast into level 2 of the Abyss (a wizard)
 65708 | Abyss:2  | You pick up a book of Chaos and begin reading...
 65708 | Abyss:2  | You add the spells Conjure Ball Lightning, Disjunction and
                  | Discord to your library.
 65751 | Abyss:2  | Reached XP level 24. HP: 183/191 MP: 43/43
 65975 | Abyss:2  | Reached skill level 18 in Invocations
 66034 | Abyss:2  | Paralysed by accursed screaming for 2 turns
 66164 | Abyss:2  | You pick up a book of Dangerous Friends and begin
                  | reading...
 66164 | Abyss:2  | You add the spells Summon Guardian Golem and Orb of
                  | Destruction to your library.
 66328 | Abyss:2  | HP: 21/195 [naga warrior (34)]
 66333 | Abyss:2  | HP: 30/195 [white imp/puff of frost (10)]
 66370 | Abyss:2  | Found a corrupted altar of Lugonu.
 66599 | Abyss:2  | You pick up a book of the Warp and begin reading...
 66798 | Elf:1    | You pass through the gate.
 66798 | Elf:1    | Escaped the Abyss
 66916 | Elf:1    | You pick up a book of Lightning and begin reading...
 66916 | Elf:1    | You add the spells Static Discharge and Maxwell's
                  | Capacitive Coupling to your library.
 67527 | Elf:2    | You pick up a book of the Dragon and begin reading...
 67527 | Elf:2    | You add the spells Cause Fear and Dragon's Call to your
                  | library.
 67594 | Elf:2    | Found a runed translucent gate.
 67595 | Elf:2    | Found a runed translucent gate.
 67596 | Elf:2    | Found a runed translucent gate.
 67635 | Elf:2    | Noticed Agnes
 67652 | Elf:2    | Killed Agnes
 67815 | Elf:2    | Found a shimmering blue altar of Sif Muna.
 67874 | Elf:2    | Reached skill level 17 in Polearms
 67874 | Elf:2    | Reached skill level 17 in Armour
 67878 | Elf:2    | Reached skill level 14 in Conjurations
 67878 | Elf:2    | Reached skill level 14 in Hexes
 67878 | Elf:2    | Reached skill level 14 in Summonings
 67878 | Elf:2    | Reached skill level 14 in Necromancy
 67878 | Elf:2    | Reached skill level 14 in Translocations
 67878 | Elf:2    | Reached skill level 14 in Transmutations
 67878 | Elf:2    | Reached skill level 14 in Fire Magic
 67878 | Elf:2    | Reached skill level 14 in Ice Magic
 67878 | Elf:2    | Reached skill level 14 in Air Magic
 67878 | Elf:2    | Reached skill level 14 in Earth Magic
 67878 | Elf:2    | Reached skill level 14 in Poison Magic
 68365 | Elf:3    | Entered Level 3 of the Elven Halls
 68633 | Elf:3    | You pick up a book of Party Tricks and begin reading...
 68731 | Elf:3    | Found Soicriq's Antique Armour Boutique.
 69477 | Elf:3    | an orc warrior comes into view. It is wielding the +8
                  | autumn katana {vorpal, Clar}.
 69505 | Elf:3    | Reached XP level 25. HP: 129/199 MP: 40/43
 69533 | Elf:3    | Identified the +3 glaive of Compassion {drain, *Slow rC+++
                  | Int+4 Stlth+}
 69556 | Elf:3    | a deep elf sorcerer comes into view. It is wielding the +7
                  | mace of Variability {chain chaos}.
 69557 | Elf:3    | Aim: a deep elf sorcerer, wielding the +7 mace of
                  | Variability {chain chaos} (wandering, hasn't noticed you,
                  | 74% to hit)
 69557 | Elf:3    | Aim: a deep elf sorcerer, wielding the +7 mace of
                  | Variability {chain chaos} (wandering, hasn't noticed you,
                  | 74% to hit)
 69558 | Elf:3    | Aim: a deep elf sorcerer, wielding the +7 mace of
                  | Variability {chain chaos} (lightly wounded, 74% to hit)
 69558 | Elf:3    | Aim: a deep elf sorcerer, wielding the +7 mace of
                  | Variability {chain chaos} (lightly wounded, 74% to hit)
 69559 | Elf:3    | Aim: a deep elf sorcerer, wielding the +7 mace of
                  | Variability {chain chaos} (lightly wounded, 74% to hit)
 69559 | Elf:3    | Aim: a deep elf sorcerer, wielding the +7 mace of
                  | Variability {chain chaos} (lightly wounded, 74% to hit)
 69560 | Elf:3    | Aim: a deep elf sorcerer, wielding the +7 mace of
                  | Variability {chain chaos} (severely wounded, 74% to hit)
 69560 | Elf:3    | Aim: a deep elf sorcerer, wielding the +7 mace of
                  | Variability {chain chaos} (severely wounded, 74% to hit)
 69562 | Elf:3    | Identified the +9 falchion of Conflict {vorpal, rC+ rN+
                  | Dex-3}
 69562 | Elf:3    | Identified the amulet "Icezuh" {Faith Int+7 Dex+4}
 69593 | Elf:3    | Acquired the +8 storm bow {elec, penet}
 69593 | Elf:3    | Found the +8 storm bow {elec, penet}
 69614 | Elf:3    | Got the Tome of Slavery and the Mountains
 69618 | Elf:3    | You add the spells Mephitic Cloud and Passage of Golubria
                  | to your library.
 69618 | Elf:3    | Got the Volume of Warped Air
 69636 | Elf:3    | You add the spells Conjure Flame, Ignite Poison and Sticky
                  | Flame to your library.
 69645 | Elf:3    | You pick up a book of the Dragon and begin reading...
 69702 | Elf:3    | Identified the +9 shortbow "Houtray" {vorpal, rElec rF-
                  | rN++ rCorr}
 69764 | Elf:3    | Got the Tome of Contamination and Unholy Arts
 69765 | Elf:3    | Identified the +1 falchion "Foeluclaor" {flame, Str+6}
 70876 | Slime:1  | Entered Level 1 of the Pits of Slime
 70880 | Slime:1  | c - a +9 quick blade of distortion (weapon) {rare}
 71095 | Slime:4  | Reached skill level 17 in Dodging
 71395 | Slime:5  | Entered Level 5 of the Pits of Slime
 71550 | Slime:5  | Reached skill level 18 in Fighting
 71656 | Slime:5  | Paralysed by a great orb of eyes for 6 turns
 71869 | Slime:5  | Noticed the Royal Jelly
 71886 | Slime:5  | Killed the Royal Jelly
 71887 | Slime:5  | Reached skill level 17 in Short Blades
 71887 | Slime:5  | Reached skill level 17 in Long Blades
 71887 | Slime:5  | Reached skill level 17 in Axes
 71887 | Slime:5  | Reached skill level 17 in Maces & Flails
 71887 | Slime:5  | Reached skill level 17 in Staves
 71887 | Slime:5  | Reached skill level 17 in Slings
 71887 | Slime:5  | Reached skill level 17 in Bows
 71887 | Slime:5  | Reached skill level 17 in Crossbows
 71887 | Slime:5  | Reached skill level 17 in Throwing
 71887 | Slime:5  | Reached skill level 17 in Stealth
 71887 | Slime:5  | Reached skill level 17 in Shields
 71887 | Slime:5  | Reached skill level 17 in Unarmed Combat
 71887 | Slime:5  | Reached skill level 17 in Spellcasting
 71887 | Slime:5  | Reached skill level 17 in Evocations
 71908 | Slime:5  | HP: 39/204 [rockslime[the Royal Jelly] (25)]
 71913 | Slime:5  | HP: 8/204 [acid (15)]
 72156 | Slime:5  | Found the +2 hood of the Assassin {Detection Stab+ Stlth++}
 72158 | Slime:5  | Found the brooch of Shielding {Spirit SH+8}
 72173 | Slime:5  | Identified the ring of Seusuhoj {rPois rN+ Int+3 Stlth-}
 72179 | Slime:5  | Identified the -7 helmet of Card Tricks {rF+ Will++ Int+5}
 72191 | Slime:5  | You pick up a book of Changes and begin reading...
 72191 | Slime:5  | You add the spells Beastly Appendage, Wereblood and Spider
                  | Form to your library.
 72195 | Slime:5  | You pick up a book of Callings and begin reading...
 72195 | Slime:5  | You add the spells Summon Small Mammal and Call Canine
                  | Familiar to your library.
 72197 | Slime:5  | Got a slimy rune of Zot
 72249 | Slime:5  | Got the Almanac of Morality
 72290 | Slime:5  | You add the spells Summon Forest and Summon Hydra to your
                  | library.
 72292 | Slime:5  | You pick up a book of Maledictions and begin reading...
 72314 | Slime:5  | Acquired 535 gold pieces
 72329 | Slime:5  | Identified the +3 morningstar of the Warrior-Mage {drain,
                  | rN+ SInv}
 72758 | Crypt:1  | Entered Level 1 of the Crypt
 73130 | Crypt:1  | c - a +9 quick blade of distortion (weapon) {rare}
 73231 | Crypt:1  | Reached skill level 19 in Invocations
 73915 | Crypt:2  | Paralysed by a vampire knight for 6 turns
 74088 | Crypt:2  | You pick up a book of Vapours and begin reading...
 74148 | Crypt:2  | You pick up a book of Necromancy and begin reading...
 74148 | Crypt:2  | You add the spells Pain, Animate Skeleton and Vampiric
                  | Draining to your library.
 74378 | Crypt:2  | Found the +5 robe of Misfortune {Contam Harm *Corrode Drain
                  | *Slow EV+5}
 74681 | Crypt:3  | Entered Level 3 of the Crypt
 74705 | Crypt:3  | Identified the +7 great sword "Kuobeef" {holy, Int+6 Dex+2}
 75099 | Crypt:3  | Found a staircase to the Tomb.
 75713 | Crypt:3  | Learned a level 6 spell: Death Channel
 75719 | Crypt:3  | Learned a level 5 spell: Fireball
 75738 | Crypt:3  | Noticed a curse skull
 75769 | Crypt:3  | Killed a curse skull
 75777 | Crypt:3  | Noticed a curse skull
 75778 | Crypt:3  | Killed a curse skull
 75910 | Crypt:3  | Reached XP level 26. HP: 213/213 MP: 44/44
 76054 | Crypt:3  | Found the +8 glaive of the Guard {elec, spectral, AC+5}
 76177 | Crypt:3  | Reached skill level 18 in Polearms
 76177 | Crypt:3  | Reached skill level 18 in Armour
 76213 | Crypt:3  | Found a basalt altar of Yredelemnul.
 77039 | Vaults:4 | c - a +9 quick blade of distortion (weapon) {rare}
 77129 | Vaults:5 | Entered Level 5 of the Vaults
 77138 | Vaults:5 | Reached skill level 15 in Conjurations
 77138 | Vaults:5 | Reached skill level 15 in Hexes
 77138 | Vaults:5 | Reached skill level 15 in Summonings
 77138 | Vaults:5 | Reached skill level 15 in Necromancy
 77138 | Vaults:5 | Reached skill level 15 in Translocations
 77138 | Vaults:5 | Reached skill level 15 in Transmutations
 77138 | Vaults:5 | Reached skill level 15 in Fire Magic
 77138 | Vaults:5 | Reached skill level 15 in Ice Magic
 77138 | Vaults:5 | Reached skill level 15 in Air Magic
 77138 | Vaults:5 | Reached skill level 15 in Earth Magic
 77138 | Vaults:5 | Reached skill level 15 in Poison Magic
 77140 | Vaults:5 | Gained mutation: You are frail. (-10% HP) [mutagenic glow]
 77149 | Vaults:5 | +0 storm dragon scales {rare}; a storm dragon corpse
 77154 | Vaults:5 | +0 storm dragon scales {rare}; a storm dragon corpse
 77156 | Vaults:5 | +0 storm dragon scales {rare}; a storm dragon corpse
 77269 | Vaults:5 | Identified the +9 whip of Resumed Hostilities {vorpal,
                  | rElec Dex+4}
 77372 | Vaults:5 | Noticed a dread lich
 77377 | Vaults:5 | Killed a dread lich
 77468 | Vaults:5 | Noticed an ancient lich
 77477 | Vaults:5 | Killed an ancient lich
 77540 | Vaults:5 | Reached skill level 18 in Dodging
 77610 | Vaults:5 | +0 storm dragon scales {rare}; a storm dragon corpse
 77687 | Vaults:5 | Got the Compendium of Sinister Rituals
 77690 | Vaults:5 | Got a silver rune of Zot
 77693 | Vaults:5 | Got the Handbook of Supportive Fire
 77695 | Vaults:5 | Identified the +0 leather armour of Amorality {+Blink rC+
                  | MP+9}
 77698 | Vaults:5 | You pick up a book of Dangerous Friends and begin
                  | reading...
 77708 | Vaults:5 | You pick up a book of Changes and begin reading...
 78084 | Vaults:5 | Identified +0 gold dragon scales
 78092 | Vaults:5 | +0 gold dragon scales {rare}; a golden dragon corpse
 78151 | Vaults:5 | +0 shadow dragon scales {rare}; a shadow dragon corpse
 78177 | Vaults:5 | You pick up a book of Chaos and begin reading...
 78194 | Vaults:5 | Identified the +1 pair of gloves "Ceovegg" {rF+}
 78350 | Vaults:5 | Noticed an ancient lich
 78351 | Vaults:5 | Reached skill level 18 in Crossbows
 78355 | Vaults:5 | Killed an ancient lich
 78356 | Vaults:5 | Reached skill level 18 in Short Blades
 78356 | Vaults:5 | Reached skill level 18 in Long Blades
 78356 | Vaults:5 | Reached skill level 18 in Axes
 78356 | Vaults:5 | Reached skill level 18 in Maces & Flails
 78356 | Vaults:5 | Reached skill level 18 in Staves
 78356 | Vaults:5 | Reached skill level 18 in Slings
 78356 | Vaults:5 | Reached skill level 18 in Bows
 78356 | Vaults:5 | Reached skill level 18 in Throwing
 78356 | Vaults:5 | Reached skill level 18 in Stealth
 78356 | Vaults:5 | Reached skill level 18 in Shields
 78356 | Vaults:5 | Reached skill level 18 in Unarmed Combat
 78356 | Vaults:5 | Reached skill level 18 in Spellcasting
 78356 | Vaults:5 | Reached skill level 18 in Evocations
 78364 | Vaults:5 | Reached skill level 19 in Fighting
 78365 | Vaults:5 | +0 storm dragon scales {rare}; a storm dragon corpse
 78391 | Vaults:5 | Identified +0 gold dragon scales
 78393 | Vaults:5 | +0 gold dragon scales {rare}; a golden dragon corpse
 78418 | Vaults:5 | Found Hogan's Magic Scroll Boutique.
 78423 | Vaults:5 | Bought a scroll of enchant weapon for 120 gold pieces
 78457 | Vaults:5 | Found Dilaron's Magic Scroll Shoppe.
 78462 | Vaults:5 | Bought a scroll of enchant weapon for 142 gold pieces
 78482 | Vaults:5 | Found Danut's Magic Scroll Emporium.
 78487 | Vaults:5 | Bought a scroll of enchant weapon for 150 gold pieces
 78495 | Vaults:5 | Found Buwkeu's Distillery.
 78632 | Vaults:5 | You pick up a book of the Tundra and begin reading...
 78632 | Vaults:5 | You add the spells Hailstorm, Ice Form and Simulacrum to
                  | your library.
 78645 | Vaults:5 | Got the Volume of Unholy Translocation
 78894 | Vaults:5 | Bought a scroll of enchant armour for 150 gold pieces
 78894 | Vaults:5 | Bought a scroll of enchant armour for 150 gold pieces
 79226 | Zot:1    | Entered Level 1 of the Realm of Zot
 79250 | Depths:4 | Reached XP level 27. HP: 113/183 MP: 45/45
 79405 | Zot:1    | Reached skill level 20 in Invocations
 79452 | Zot:1    | Found Lidokk's Changing Room.
 79478 | Zot:1    | Aim: a white draconian stormcaller, wielding a +0 long
                  | sword and wearing a +2 cloak (about 21% to evade the +8
                  | glaive of the Guard)
 79478 | Zot:1    | Aim: a white draconian stormcaller, wielding a +0 long
                  | sword and wearing a +2 cloak (about 21% to evade the +8
                  | glaive of the Guard)
 79479 | Zot:1    | Aim: a white draconian stormcaller, wielding a +0 long
                  | sword and wearing a +2 cloak (heavily wounded, about 21% to
                  | evade the +8 glaive of the Guard)
 79479 | Zot:1    | Aim: a white draconian stormcaller, wielding a +0 long
                  | sword and wearing a +2 cloak (heavily wounded, about 21% to
                  | evade the +8 glaive of the Guard)
 79480 | Zot:1    | Aim: a white draconian stormcaller, wielding a +0 long
                  | sword and wearing a +2 cloak (heavily wounded, catching its
                  | breath, about 21% to evade the +8 glaive of the Guard)
 79480 | Zot:1    | Aim: a white draconian stormcaller, wielding a +0 long
                  | sword and wearing a +2 cloak (heavily wounded, catching its
                  | breath, about 21% to evade the +8 glaive of the Guard)
 79483 | Zot:1    | Aim: a red draconian, wielding a +0 short sword (about 21%
                  | to evade the +8 glaive of the Guard)
 79483 | Zot:1    | Aim: a red draconian, wielding a +0 short sword (about 21%
                  | to evade the +8 glaive of the Guard)
 79484 | Zot:1    | Aim: a red draconian, wielding a +0 short sword (moderately
                  | wounded, about 21% to evade the +8 glaive of the Guard)
 79484 | Zot:1    | Aim: a red draconian, wielding a +0 short sword (moderately
                  | wounded, about 21% to evade the +8 glaive of the Guard)
 79513 | Zot:1    | Aim: a red draconian, wielding a +0 war axe (severely
                  | wounded, about 21% to evade the +8 glaive of the Guard)
 79513 | Zot:1    | Aim: a red draconian, wielding a +0 war axe (severely
                  | wounded, about 21% to evade the +8 glaive of the Guard)
 79514 | Zot:1    | Aim: a red draconian, wielding a +0 war axe (almost dead,
                  | about 21% to evade the +8 glaive of the Guard)
 79514 | Zot:1    | Aim: a red draconian, wielding a +0 war axe (almost dead,
                  | about 21% to evade the +8 glaive of the Guard)
 79516 | Zot:1    | Aim: a purple draconian, wielding a +0 scimitar (about 21%
                  | to evade the +8 glaive of the Guard)
 79516 | Zot:1    | Aim: a purple draconian, wielding a +0 scimitar (about 21%
                  | to evade the +8 glaive of the Guard)
 79517 | Zot:1    | Aim: a purple draconian, wielding a +0 scimitar (severely
                  | wounded, about 21% to evade the +8 glaive of the Guard)
 79517 | Zot:1    | Aim: a purple draconian, wielding a +0 scimitar (severely
                  | wounded, about 21% to evade the +8 glaive of the Guard)
 79520 | Zot:1    | Aim: a yellow draconian stormcaller, wielding a +0 rapier
                  | and wearing a +0 cloak (about 21% to evade the +8 glaive of
                  | the Guard)
 79521 | Zot:1    | Aim: a yellow draconian stormcaller, wielding a +0 rapier
                  | and wearing a +0 cloak (about 21% to evade the +8 glaive of
                  | the Guard)
 79521 | Zot:1    | Aim: a yellow draconian stormcaller, wielding a +0 rapier
                  | and wearing a +0 cloak (about 21% to evade the +8 glaive of
                  | the Guard)
 79522 | Zot:1    | Aim: a yellow draconian stormcaller, wielding a +0 rapier
                  | and wearing a +0 cloak (lightly wounded, about 21% to evade
                  | the +8 glaive of the Guard)
 79522 | Zot:1    | Aim: a yellow draconian stormcaller, wielding a +0 rapier
                  | and wearing a +0 cloak (lightly wounded, about 21% to evade
                  | the +8 glaive of the Guard)
 79524 | Zot:1    | Aim: a white draconian, wielding a +0 long sword (about 21%
                  | to evade the +8 glaive of the Guard)
 79524 | Zot:1    | Aim: a white draconian, wielding a +0 long sword (about 21%
                  | to evade the +8 glaive of the Guard)
 79528 | Abyss:1  | HP: 41/196 [starcursed mass/accursed screaming (9)]
 79534 | Abyss:1  | HP: 47/197 [deep troll[an ironbound preserver] (12)]
 79539 | Abyss:1  | HP: 22/198 [starcursed mass/accursed screaming (13)]
 79561 | Abyss:1  | Aim: a deep elf archer, wielding a +0 shortbow, wearing a
                  | +0 leather armour and quivering arrows (purple smoke,
                  | repelling missiles, about 29% to evade the +8 glaive of the
                  | Guard)
 79561 | Abyss:1  | Aim: a deep elf archer, wielding a +0 shortbow, wearing a
                  | +0 leather armour and quivering arrows (purple smoke,
                  | repelling missiles, about 29% to evade the +8 glaive of the
                  | Guard)
 79565 | Abyss:1  | HP: 45/198 [starcursed mass/accursed screaming (7)]
 79571 | Abyss:1  | Aim: an ironbound thunderhulk, wielding a +0 dire flail and
                  | wearing a +0 ring mail (about 15% to evade the +8 glaive of
                  | the Guard)
 79571 | Abyss:1  | Aim: an ironbound thunderhulk, wielding a +0 dire flail and
                  | wearing a +0 ring mail (about 15% to evade the +8 glaive of
                  | the Guard)
 79572 | Abyss:1  | Aim: an ironbound thunderhulk, wielding a +0 dire flail and
                  | wearing a +0 ring mail (moderately wounded, about 15% to
                  | evade the +8 glaive of the Guard)
 79572 | Abyss:1  | Aim: an ironbound thunderhulk, wielding a +0 dire flail and
                  | wearing a +0 ring mail (moderately wounded, about 15% to
                  | evade the +8 glaive of the Guard)
 79573 | Abyss:1  | Aim: an ironbound thunderhulk, wielding a +0 dire flail and
                  | wearing a +0 ring mail (severely wounded, about 15% to
                  | evade the +8 glaive of the Guard)
 79573 | Abyss:1  | Aim: an ironbound thunderhulk, wielding a +0 dire flail and
                  | wearing a +0 ring mail (severely wounded, about 15% to
                  | evade the +8 glaive of the Guard)
 79575 | Abyss:1  | HP: 46/198 [yaktaur captain/bolt (12)]
 79842 | Abyss:1  | You pick up a book of Blood and begin reading...
 79863 | Abyss:1  | Identified the +2 fustibalus of Yttuq {vorpal, rF+ Dex+3}
 79891 | Abyss:1  | Found a basalt altar of Yredelemnul.
 79951 | Abyss:1  | Lost mutation: You are frail. (-10% HP) [potion of
                  | mutation]
 79951 | Abyss:1  | Gained mutation: You have hidden genetic defects. [potion
                  | of mutation]
 79952 | Abyss:1  | Lost mutation: You have hidden genetic defects. [potion of
                  | mutation]
 79952 | Abyss:1  | Gained mutation: You are clumsy. (Dex -2) [potion of
                  | mutation]
 79953 | Abyss:1  | Lost mutation: You are clumsy. (Dex -2) [potion of
                  | mutation]
 79953 | Abyss:1  | Gained mutation: You are robust. (+10% HP) [potion of
                  | mutation]
 79953 | Abyss:1  | Gained mutation: You have a pair of small horns on your
                  | head. [potion of mutation]
 79987 | Abyss:1  | Identified the +5 fustibalus "Micin" {flame, Int+5}
 80040 | Abyss:1  | Noticed an ancient lich
 80042 | Abyss:1  | Killed an ancient lich
 80089 | Zot:1    | You pass through the gate.
 80089 | Zot:1    | Escaped the Abyss
 80226 | Zot:1    | You pass through the gate.
 80226 | Zot:1    | Escaped the Abyss
 80396 | Zot:1    | Aim: a yellow draconian, wielding a +0 trident of venom
                  | (lightly wounded, about 21% to evade the +8 glaive of the
                  | Guard)
 80396 | Zot:1    | Aim: a yellow draconian, wielding a +0 trident of venom
                  | (lightly wounded, about 21% to evade the +8 glaive of the
                  | Guard)
 80397 | Zot:1    | Aim: a yellow draconian, wielding a +0 trident of venom
                  | (severely wounded, about 21% to evade the +8 glaive of the
                  | Guard)
 80397 | Zot:1    | Aim: a yellow draconian, wielding a +0 trident of venom
                  | (severely wounded, about 21% to evade the +8 glaive of the
                  | Guard)
 80398 | Zot:1    | Aim: a yellow draconian, wielding a +0 trident of venom
                  | (severely wounded, about 21% to evade the +8 glaive of the
                  | Guard)
 80398 | Zot:1    | Aim: a yellow draconian, wielding a +0 trident of venom
                  | (severely wounded, about 21% to evade the +8 glaive of the
                  | Guard)
 80557 | Zot:1    | +0 storm dragon scales {rare}; a storm dragon corpse
 80642 | Zot:1    | +0 shadow dragon scales {rare}; a shadow dragon corpse
 80761 | Zot:1    | Aim: a black draconian annihilator, wielding a +0 short
                  | sword and wearing a +2 cloak (heavily wounded, very
                  | poisoned, about 21% to evade the +8 glaive of the Guard)
 80761 | Zot:1    | Aim: a black draconian annihilator, wielding a +0 short
                  | sword and wearing a +2 cloak (heavily wounded, very
                  | poisoned, about 21% to evade the +8 glaive of the Guard)
 80762 | Zot:1    | Aim: a black draconian annihilator, wielding a +0 short
                  | sword and wearing a +2 cloak (heavily wounded, very
                  | poisoned, catching its breath, about 21% to evade the +8
                  | glaive of the Guard)
 80762 | Zot:1    | Aim: a black draconian annihilator, wielding a +0 short
                  | sword and wearing a +2 cloak (heavily wounded, very
                  | poisoned, catching its breath, about 21% to evade the +8
                  | glaive of the Guard)
 80763 | Zot:1    | Aim: a purple draconian annihilator, wielding a +0 dagger
                  | and wearing a +0 cloak (heavily wounded, about 21% to evade
                  | the +8 glaive of the Guard)
 80763 | Zot:1    | Aim: a purple draconian annihilator, wielding a +0 dagger
                  | and wearing a +0 cloak (heavily wounded, about 21% to evade
                  | the +8 glaive of the Guard)
 80764 | Zot:1    | Aim: a purple draconian annihilator, wielding a +0 dagger
                  | and wearing a +0 cloak (almost dead, about 21% to evade the
                  | +8 glaive of the Guard)
 80764 | Zot:1    | Aim: a purple draconian annihilator, wielding a +0 dagger
                  | and wearing a +0 cloak (almost dead, about 21% to evade the
                  | +8 glaive of the Guard)
 80765 | Zot:1    | Aim: a green draconian annihilator, wielding a +0 dagger
                  | and wearing a +0 cloak (poison gas, about 21% to evade the
                  | +8 glaive of the Guard)
 80765 | Zot:1    | Aim: a green draconian annihilator, wielding a +0 dagger
                  | and wearing a +0 cloak (poison gas, about 21% to evade the
                  | +8 glaive of the Guard)
 80766 | Zot:1    | Aim: a green draconian annihilator, wielding a +0 dagger
                  | and wearing a +0 cloak (poison gas, moderately wounded,
                  | about 21% to evade the +8 glaive of the Guard)
 80766 | Zot:1    | Aim: a green draconian annihilator, wielding a +0 dagger
                  | and wearing a +0 cloak (poison gas, moderately wounded,
                  | about 21% to evade the +8 glaive of the Guard)
 81001 | Zot:1    | Paralysed by you for 7 turns
 81028 | Zot:1    | Noticed a curse toe
 81043 | Zot:1    | Killed a curse toe
 81044 | Zot:1    | Reached skill level 19 in Crossbows
 81069 | Zot:1    | Noticed a curse toe
 81071 | Zot:1    | Killed a curse toe
 81072 | Zot:1    | Reached skill level 19 in Polearms
 81072 | Zot:1    | Reached skill level 19 in Armour
 81224 | Zot:1    | Noticed a curse toe
 81226 | Zot:1    | Killed a curse toe
 81272 | Zot:1    | Noticed a curse toe
 81397 | Zot:1    | Killed a curse toe
 81631 | Zot:2    | Noticed a curse toe
 81635 | Zot:2    | Killed a curse toe
 81665 | Zot:2    | Noticed an electric golem
 81669 | Zot:2    | Killed an electric golem
 81676 | Zot:2    | Found a runed translucent gate.
 81676 | Zot:2    | Found a runed translucent gate.
 81676 | Zot:2    | Found a runed translucent gate.
 81678 | Zot:2    | Noticed Vuynal's ghost (legendary GrHu)
 81680 | Zot:2    | Noticed a dread lich
 82352 | Zot:2    | Killed a dread lich
 82383 | Zot:2    | Killed Vuynal's ghost
 82492 | Zot:2    | Identified the ring of Goanlol {Str-2 Int+6 Dex+4}
 82601 | Zot:3    | Reached skill level 16 in Conjurations
 82601 | Zot:3    | Reached skill level 16 in Hexes
 82601 | Zot:3    | Reached skill level 16 in Summonings
 82601 | Zot:3    | Reached skill level 16 in Necromancy
 82601 | Zot:3    | Reached skill level 16 in Translocations
 82601 | Zot:3    | Reached skill level 16 in Transmutations
 82601 | Zot:3    | Reached skill level 16 in Fire Magic
 82601 | Zot:3    | Reached skill level 16 in Ice Magic
 82601 | Zot:3    | Reached skill level 16 in Air Magic
 82601 | Zot:3    | Reached skill level 16 in Earth Magic
 82601 | Zot:3    | Reached skill level 16 in Poison Magic
 82716 | Zot:3    | quicksilver dragon scales {rare}; a quicksilver dragon
                  | corpse
 82723 | Zot:3    | quicksilver dragon scales {rare}; a quicksilver dragon
                  | corpse
 82822 | Zot:3    | Identified +0 gold dragon scales
 82835 | Zot:3    | +0 gold dragon scales {rare}; a golden dragon corpse
 83058 | Zot:3    | Aim: a green draconian, wielding a +0 war axe (poison gas,
                  | almost dead, catching its breath, about 21% to evade the +8
                  | glaive of the Guard)
 83058 | Zot:3    | Aim: a green draconian, wielding a +0 war axe (poison gas,
                  | almost dead, catching its breath, about 21% to evade the +8
                  | glaive of the Guard)
 83062 | Zot:3    | Aim: a red draconian annihilator, wielding a +0 long sword
                  | and wearing a +0 cloak (heavily wounded, extremely
                  | poisoned, about 21% to evade the +8 glaive of the Guard)
 83062 | Zot:3    | Aim: a red draconian annihilator, wielding a +0 long sword
                  | and wearing a +0 cloak (heavily wounded, extremely
                  | poisoned, about 21% to evade the +8 glaive of the Guard)
 83063 | Zot:3    | Aim: a red draconian annihilator, wielding a +0 long sword
                  | and wearing a +0 cloak (heavily wounded, extremely
                  | poisoned, about 21% to evade the +8 glaive of the Guard)
 83063 | Zot:3    | Aim: a red draconian annihilator, wielding a +0 long sword
                  | and wearing a +0 cloak (heavily wounded, extremely
                  | poisoned, about 21% to evade the +8 glaive of the Guard)
 83064 | Zot:3    | Aim: a black draconian, wielding a +0 flail (water, lightly
                  | wounded, poisoned, about 21% to evade the +8 glaive of the
                  | Guard)
 83064 | Zot:3    | Aim: a black draconian, wielding a +0 flail (water, lightly
                  | wounded, poisoned, about 21% to evade the +8 glaive of the
                  | Guard)
 83064 | Zot:3    | Aim: a green draconian, wielding a +0 war axe (almost dead,
                  | about 21% to evade the +8 glaive of the Guard)
 83065 | Zot:3    | Reached skill level 19 in Dodging
 83065 | Zot:3    | Aim: a black draconian, wielding a +0 flail (lightly
                  | wounded, poisoned, about 21% to evade the +8 glaive of the
                  | Guard)
 83065 | Zot:3    | Aim: a black draconian, wielding a +0 flail (lightly
                  | wounded, poisoned, about 21% to evade the +8 glaive of the
                  | Guard)
 83066 | Zot:3    | Aim: a black draconian, wielding a +0 flail (lightly
                  | wounded, poisoned, about 21% to evade the +8 glaive of the
                  | Guard)
 83066 | Zot:3    | Aim: a black draconian, wielding a +0 flail (lightly
                  | wounded, poisoned, about 21% to evade the +8 glaive of the
                  | Guard)
 83067 | Zot:3    | Aim: a black draconian, wielding a +0 flail (lightly
                  | wounded, poisoned, about 21% to evade the +8 glaive of the
                  | Guard)
 83067 | Zot:3    | Aim: a black draconian, wielding a +0 flail (lightly
                  | wounded, poisoned, about 21% to evade the +8 glaive of the
                  | Guard)
 83068 | Zot:3    | Aim: a black draconian, wielding a +0 flail (water,
                  | severely wounded, poisoned, about 21% to evade the +8
                  | glaive of the Guard)
 83068 | Zot:3    | Aim: a black draconian, wielding a +0 flail (water,
                  | severely wounded, poisoned, about 21% to evade the +8
                  | glaive of the Guard)
 83069 | Zot:3    | Aim: a black draconian, wielding a +0 flail (water,
                  | severely wounded, poisoned, about 21% to evade the +8
                  | glaive of the Guard)
 83069 | Zot:3    | Aim: a black draconian, wielding a +0 flail (water,
                  | severely wounded, poisoned, about 21% to evade the +8
                  | glaive of the Guard)
 83070 | Zot:3    | Aim: a black draconian, wielding a +0 flail (water,
                  | severely wounded, poisoned, about 21% to evade the +8
                  | glaive of the Guard)
 83070 | Zot:3    | Aim: a black draconian, wielding a +0 flail (water,
                  | severely wounded, poisoned, about 21% to evade the +8
                  | glaive of the Guard)
 83071 | Zot:3    | Aim: a purple draconian, wielding a +0 halberd (lightly
                  | wounded, very poisoned, about 21% to evade the +8 glaive of
                  | the Guard)
 83072 | Zot:3    | Aim: a purple draconian, wielding a +0 halberd (lightly
                  | wounded, poisoned, about 21% to evade the +8 glaive of the
                  | Guard)
 83072 | Zot:3    | Aim: a purple draconian, wielding a +0 halberd (lightly
                  | wounded, poisoned, about 21% to evade the +8 glaive of the
                  | Guard)
 83073 | Zot:3    | Aim: a purple draconian, wielding a +0 halberd (lightly
                  | wounded, poisoned, about 21% to evade the +8 glaive of the
                  | Guard)
 83073 | Zot:3    | Aim: a purple draconian, wielding a +0 halberd (lightly
                  | wounded, poisoned, about 21% to evade the +8 glaive of the
                  | Guard)
 83074 | Zot:3    | Aim: a purple draconian, wielding a +0 halberd (lightly
                  | wounded, poisoned, about 21% to evade the +8 glaive of the
                  | Guard)
 83074 | Zot:3    | Aim: a purple draconian, wielding a +0 halberd (lightly
                  | wounded, poisoned, about 21% to evade the +8 glaive of the
                  | Guard)
 83075 | Zot:3    | Aim: a purple draconian, wielding a +0 halberd (lightly
                  | wounded, poisoned, about 21% to evade the +8 glaive of the
                  | Guard)
 83075 | Zot:3    | Aim: a purple draconian, wielding a +0 halberd (lightly
                  | wounded, poisoned, about 21% to evade the +8 glaive of the
                  | Guard)
 83076 | Zot:3    | Aim: a purple draconian, wielding a +0 halberd (lightly
                  | wounded, poisoned, about 21% to evade the +8 glaive of the
                  | Guard)
 83076 | Zot:3    | Aim: a purple draconian, wielding a +0 halberd (lightly
                  | wounded, poisoned, about 21% to evade the +8 glaive of the
                  | Guard)
 83077 | Zot:3    | Aim: a purple draconian, wielding a +0 halberd (almost
                  | dead, poisoned, about 21% to evade the +8 glaive of the
                  | Guard)
 83077 | Zot:3    | Aim: a purple draconian, wielding a +0 halberd (almost
                  | dead, poisoned, about 21% to evade the +8 glaive of the
                  | Guard)
 83078 | Zot:3    | Aim: a purple draconian, wielding a +0 halberd (almost
                  | dead, poisoned, catching its breath, about 21% to evade the
                  | +8 glaive of the Guard)
 83078 | Zot:3    | Aim: a purple draconian, wielding a +0 halberd (almost
                  | dead, poisoned, catching its breath, about 21% to evade the
                  | +8 glaive of the Guard)
 83079 | Zot:3    | Aim: a purple draconian, wielding a +0 halberd (almost
                  | dead, poisoned, catching its breath, about 21% to evade the
                  | +8 glaive of the Guard)
 83079 | Zot:3    | Aim: a purple draconian, wielding a +0 halberd (almost
                  | dead, poisoned, catching its breath, about 21% to evade the
                  | +8 glaive of the Guard)
 83552 | Zot:3    | You pick up a book of the Warp and begin reading...
 83554 | Zot:3    | You pick up a book of Annihilations and begin reading...
 83657 | Zot:3    | You pick up a book of Callings and begin reading...
 83692 | Zot:3    | Acquired 638 gold pieces
 83695 | Zot:3    | You pick up a book of Fire and begin reading...
 83729 | Zot:3    | You pick up a book of the Dragon and begin reading...
 83766 | Zot:3    | You pick up a book of Power and begin reading...
 83872 | Zot:4    | c - a +9 quick blade of distortion (weapon) {rare}
 83914 | Zot:4    | Reached skill level 19 in Short Blades
 83914 | Zot:4    | Reached skill level 19 in Long Blades
 83914 | Zot:4    | Reached skill level 19 in Axes
 83914 | Zot:4    | Reached skill level 19 in Maces & Flails
 83914 | Zot:4    | Reached skill level 19 in Staves
 83914 | Zot:4    | Reached skill level 19 in Slings
 83914 | Zot:4    | Reached skill level 19 in Bows
 83914 | Zot:4    | Reached skill level 19 in Throwing
 83914 | Zot:4    | Reached skill level 19 in Stealth
 83914 | Zot:4    | Reached skill level 19 in Shields
 83914 | Zot:4    | Reached skill level 19 in Unarmed Combat
 83914 | Zot:4    | Reached skill level 19 in Spellcasting
 83914 | Zot:4    | Reached skill level 19 in Evocations
 84013 | Zot:4    | You pick up a book of the Sky and begin reading...
 84084 | Zot:4    | Reached skill level 20 in Crossbows
 84214 | Zot:4    | Reached skill level 21 in Invocations
 84314 | Zot:4    | Found a large runed translucent door.
 84315 | Zot:4    | Found a large runed translucent door.
 84391 | Zot:4    | Found a large runed translucent door.
 84392 | Zot:4    | Found a shimmering altar of Xom.
 84392 | Zot:4    | Identified the +6 fustibalus "Sycyeg" {vorpal, Stlth+}
 84416 | Zot:4    | Found a large runed translucent door.
 84437 | Zot:4    | Found a large runed translucent door.
 84438 | Zot:4    | Found a large runed translucent door.
 84438 | Zot:4    | Identified the +10 battleaxe "spiderkeys's Bane" {chaos,
                  | Dex+2}
 84505 | Zot:4    | Aim: a Killer Klown, wielding a +12 club of flaming
                  | (asleep, about 2% to evade the +8 glaive of the Guard)
 84505 | Zot:4    | Aim: a Killer Klown, wielding a +12 club of flaming
                  | (asleep, about 2% to evade the +8 glaive of the Guard)
 84505 | Zot:4    | Aim: a guardian mummy, wielding the +6 fustibalus "Sycyeg"
                  | {vorpal, Stlth+} and quivering sling bullets (dormant,
                  | about 2% to evade the +8 glaive of the Guard)
 84506 | Zot:4    | Aim: a Killer Klown, wielding a +12 club of flaming
                  | (asleep, about 2% to evade the +8 glaive of the Guard)
 84506 | Zot:4    | Aim: a Killer Klown, wielding a +12 club of flaming
                  | (asleep, about 2% to evade the +8 glaive of the Guard)
 84509 | Zot:4    | Aim: a Killer Klown, wielding a +11 club (asleep, about 2%
                  | to evade the +8 glaive of the Guard)
 84509 | Zot:4    | Aim: a Killer Klown, wielding a +11 club (asleep, about 2%
                  | to evade the +8 glaive of the Guard)
 84518 | Zot:4    | Identified the +6 scythe of Calculation {freeze, rF+ rCorr
                  | Str-3 Dex+5}
 84520 | Zot:4    | Reached skill level 20 in Fighting
 84528 | Zot:4    | Aim: a Killer Klown, wielding a +11 vampiric club (ally
                  | target, about 29% to evade the +8 glaive of the Guard)
 84528 | Zot:4    | Aim: a Killer Klown, wielding a +11 vampiric club (ally
                  | target, about 29% to evade the +8 glaive of the Guard)
 84529 | Zot:4    | Aim: a Killer Klown, wielding a +11 vampiric club (heavily
                  | wounded, ally target, about 29% to evade the +8 glaive of
                  | the Guard)
 84529 | Zot:4    | Aim: a Killer Klown, wielding a +11 vampiric club (heavily
                  | wounded, ally target, about 29% to evade the +8 glaive of
                  | the Guard)
 84619 | Zot:4    | Found a large runed translucent door.
 84622 | Zot:4    | Found a large runed translucent door.
 84648 | Zot:4    | Identified the +1 ring mail "Affaph" {Will+}
 84649 | Zot:4    | Identified the +2 chain mail of the Battered Dances {rN+
                  | Regen+}
 84653 | Zot:4    | Noticed a curse toe
 85111 | Zot:4    | quicksilver dragon scales {rare}; a moth of wrath corpse; a
                  | quicksilver dragon corpse
 85132 | Zot:4    | quicksilver dragon scales {rare}; a moth of wrath corpse; a
                  | quicksilver dragon corpse
 85132 | Zot:4    | Noticed an orb of fire
 85133 | Zot:4    | Aim: a Killer Klown, wielding a +12 club of electrocution
                  | (about 29% to evade the +8 glaive of the Guard)
 85133 | Zot:4    | Aim: a Killer Klown, wielding a +12 club of electrocution
                  | (about 29% to evade the +8 glaive of the Guard)
 85138 | Zot:4    | Gained mutation: You are dopey. (Int -2) [an orb of fire]
 85142 | Zot:4    | Killed an orb of fire
 85280 | Abyss:1  | Learned a level 8 spell: Necromutation
 85370 | Zot:4    | You pass through the gate.
 85370 | Zot:4    | Escaped the Abyss
 85372 | Zot:4    | Aim: a black draconian annihilator, wielding a +1 short
                  | sword of venom and wearing a +0 cloak (translocational
                  | energy, about 22% to evade the +8 glaive of the Guard)
 85372 | Zot:4    | Aim: a black draconian annihilator, wielding a +1 short
                  | sword of venom and wearing a +0 cloak (translocational
                  | energy, about 22% to evade the +8 glaive of the Guard)
 85373 | Zot:4    | Aim: a red draconian shifter, wielding a +0 long sword and
                  | wearing a +1 cloak (catching its breath, about 34% to evade
                  | the +8 glaive of the Guard)
 85373 | Zot:4    | Aim: a red draconian shifter, wielding a +0 long sword and
                  | wearing a +1 cloak (catching its breath, about 34% to evade
                  | the +8 glaive of the Guard)
 85374 | Zot:4    | Aim: a red draconian shifter, wielding a +0 long sword and
                  | wearing a +1 cloak (lightly wounded, about 34% to evade the
                  | +8 glaive of the Guard)
 85374 | Zot:4    | Aim: a red draconian shifter, wielding a +0 long sword and
                  | wearing a +1 cloak (lightly wounded, about 34% to evade the
                  | +8 glaive of the Guard)
 85375 | Zot:4    | Aim: a red draconian shifter, wielding a +0 long sword and
                  | wearing a +1 cloak (lightly wounded, about 34% to evade the
                  | +8 glaive of the Guard)
 85375 | Zot:4    | Aim: a red draconian shifter, wielding a +0 long sword and
                  | wearing a +1 cloak (lightly wounded, about 34% to evade the
                  | +8 glaive of the Guard)
 85376 | Zot:4    | Aim: a red draconian shifter, wielding a +0 long sword and
                  | wearing a +1 cloak (heavily wounded, about 34% to evade the
                  | +8 glaive of the Guard)
 85376 | Zot:4    | Aim: a red draconian shifter, wielding a +0 long sword and
                  | wearing a +1 cloak (heavily wounded, about 34% to evade the
                  | +8 glaive of the Guard)
 85377 | Zot:4    | Aim: a red draconian shifter, wielding a +0 long sword and
                  | wearing a +1 cloak (heavily wounded, about 34% to evade the
                  | +8 glaive of the Guard)
 85377 | Zot:4    | Aim: a red draconian shifter, wielding a +0 long sword and
                  | wearing a +1 cloak (heavily wounded, about 34% to evade the
                  | +8 glaive of the Guard)
 85378 | Zot:4    | Aim: a red draconian shifter, wielding a +0 long sword and
                  | wearing a +1 cloak (severely wounded, catching its breath,
                  | about 34% to evade the +8 glaive of the Guard)
 85378 | Zot:4    | Aim: a red draconian shifter, wielding a +0 long sword and
                  | wearing a +1 cloak (severely wounded, catching its breath,
                  | about 34% to evade the +8 glaive of the Guard)
 85379 | Zot:4    | Aim: a red draconian shifter, wielding a +0 long sword and
                  | wearing a +1 cloak (almost dead, about 34% to evade the +8
                  | glaive of the Guard)
 85379 | Zot:4    | Aim: a red draconian shifter, wielding a +0 long sword and
                  | wearing a +1 cloak (almost dead, about 34% to evade the +8
                  | glaive of the Guard)
 85380 | Zot:4    | Aim: a red draconian shifter, wielding a +0 long sword and
                  | wearing a +1 cloak (almost dead, about 34% to evade the +8
                  | glaive of the Guard)
 85380 | Zot:4    | Aim: a red draconian shifter, wielding a +0 long sword and
                  | wearing a +1 cloak (almost dead, about 34% to evade the +8
                  | glaive of the Guard)
 85381 | Zot:4    | Aim: a yellow draconian, wielding a +0 hand axe
                  | (translocational energy, about 22% to evade the +8 glaive
                  | of the Guard)
 85381 | Zot:4    | Aim: a yellow draconian, wielding a +0 hand axe
                  | (translocational energy, about 22% to evade the +8 glaive
                  | of the Guard)
 85382 | Zot:4    | Aim: a yellow draconian, wielding a +0 hand axe (heavily
                  | wounded, about 22% to evade the +8 glaive of the Guard)
 85382 | Zot:4    | Aim: a yellow draconian, wielding a +0 hand axe (heavily
                  | wounded, about 22% to evade the +8 glaive of the Guard)
 85383 | Zot:4    | Aim: a yellow draconian, wielding a +0 hand axe (heavily
                  | wounded, about 22% to evade the +8 glaive of the Guard)
 85383 | Zot:4    | Aim: a yellow draconian, wielding a +0 hand axe (heavily
                  | wounded, about 22% to evade the +8 glaive of the Guard)
 85397 | Zot:4    | Noticed a curse toe
 85405 | Zot:4    | Killed a curse toe
 85409 | Zot:4    | Aim: a black draconian annihilator, wielding a +1 short
                  | sword of venom and wearing a +0 cloak (severely wounded,
                  | catching its breath, about 22% to evade the +8 glaive of
                  | the Guard)
 85409 | Zot:4    | Aim: a black draconian annihilator, wielding a +1 short
                  | sword of venom and wearing a +0 cloak (severely wounded,
                  | catching its breath, about 22% to evade the +8 glaive of
                  | the Guard)
 85721 | Zot:4    | Noticed a curse toe
 85725 | Zot:4    | Killed a curse toe
 85793 | Zot:5    | Entered Level 5 of the Realm of Zot
 85973 | Zot:5    | Identified +0 gold dragon scales
 85980 | Zot:5    | +0 gold dragon scales {rare}; a golden dragon corpse
 86289 | Zot:5    | Noticed an orb of fire
 86302 | Zot:5    | Noticed an orb of fire
 86314 | Zot:5    | Noticed an orb of fire
 86332 | Zot:4    | Killed an orb of fire
 86473 | Zot:5    | Noticed a dread lich
 86474 | Zot:5    | Noticed a dread lich
 86476 | Zot:5    | Killed a dread lich
 86477 | Zot:5    | Killed a dread lich
 86482 | Zot:5    | Noticed a dread lich
 86486 | Zot:5    | Killed a dread lich
 86487 | Zot:5    | Noticed a dread lich
 86494 | Zot:5    | Killed a dread lich
 86516 | Zot:5    | Aim: a Killer Klown, wielding a +12 club of flaming (about
                  | 29% to evade the +8 glaive of the Guard)
 86528 | Zot:5    | Killed an orb of fire
 86529 | Zot:5    | Reached skill level 20 in Polearms
 86529 | Zot:5    | Reached skill level 20 in Armour
 86530 | Zot:5    | Noticed an electric golem
 86532 | Zot:5    | Noticed a dread lich
 86538 | Zot:5    | Paralysed by a dread lich for 6 turns
 86543 | Zot:5    | HP: 43/248 [Killer Klown (24)]
 86545 | Zot:5    | Killed from afar by a Killer Klown

Vanquished Creatures
  the Royal Jelly (Slime:5)
  Saint Roka (Orc:2)
  3 ancient liches
  5 dread liches
  3 orbs of fire
  A juggernaut (Depths:3)
  The ghost of Vuynal the Slayer, a legendary GrHu of Uskayaw (Zot:2)
  Boris (Vaults:2)
  7 curse toes
  8 Killer Klowns
  Xtahua (Vaults:3)
  4 caustic shrikes
  Nikola (Vaults:2)
  12 golden dragons
  Arachne (Abyss:1)
  3 profane servitors
  Kirke (Lair:6)
  5 bone dragons
  Roxanne (D:15)
  An electric golem (Zot:2)
  13 tentacled monstrosities
  8 liches
  11 Orb Guardians
  2 deep elf master archers (Elf:3)
  10 titans
  3 quicksilver dragons
  A shard shrike skeleton (Abyss:2)
  The ghost of robertstho the Eclecticist, a journeyman DjFE of Gozag (Orc:2)
  19 acid blobs
  3 deep elf blademasters
  9 death cobs
  13 tentacled starspawn
  An ancient champion (Crypt:1)
  10 sphinxes
  9 shadow dragons
  Polyphemus (Shoals:2)
  4 tengu reavers
  Nessos (Lair:6)
  21 storm dragons
  Agnes (Elf:2)
  5 draconian monks
  A storm dragon (shapeshifter) (Vaults:5)
  A walking crystal tome (Depths:2)
  A daeva (Abyss:3)
  8 azure jellies
  14 fire giants
  A minotaur (Gauntlet)
  6 draconian knights
  2 revenants (Crypt:1)
  Ilsuiw (Shoals:2)
  8 rockslimes (Slime:5)
  8 draconian scorchers
  15 vault wardens
  6 deep elf sorcerers
  Louise (Spider:4)
  9 ghost moths
  3 deep elf elementalists (Elf:3)
  7 frost giants
  2 balrugs (Zot:3)
  A caustic shrike zombie (Depths:1)
  12 ghouls
  3 draconian stormcallers
  A walking divine tome (Depths:3)
  6 emperor scorpions
  2 curse skulls (Crypt:3)
  17 draconian annihilators
  2 draconian shifters
  11 ironbound preservers
  A caustic shrike skeleton (Crypt:2)
  13 stone giants
  2 spriggan defenders (Depths:3)
  8 vampire knights
  11 very ugly things
  7 quicksilver oozes (Slime:5)
  12 fire dragons
  7 entropy weavers
  7 deep elf demonologists
  59 slime creatures
  6 green draconians
  4 deep elf annihilators
  24 vault guards
  Azrael (Elf:1)
  7 dire elephants (Vaults:4)
  5 boulder beetles
  8 black draconians
  8 red draconians
  8 yellow draconians
  9 purple draconians
  11 white draconians
  8 spark wasps
  9 hydras
  3 merfolk javelineers
  11 ettins
  8 eidola
  3 catoblepae
  8 deep elf death magi
  9 merfolk impalers
  Josephine (Shoals:1)
  11 centaur warriors
  A quicksilver dragon zombie (Crypt:3)
  4 death knights
  4 ogre magi
  A blizzard demon (Abyss:3)
  A spectral golden dragon (Zot:2)
  3 deep elf high priests
  A mummy priest (Crypt:3)
  12 yaktaur captains
  9 great orbs of eyes
  2 fenstrider witch zombies
  7 ironbound thunderhulks
  A peacekeeper (Vaults:2)
  A naga warrior (Abyss:2)
  7 ice dragons
  A spriggan air mage (Depths:3)
  4 two-headed ogres
  4 merfolk aquamancers
  2 tengu warriors
  9 ironbound frosthearts
  5 rakshasas
  3 orc high priests
  2 satyrs (Shoals:4)
  A merfolk avatar (Shoals:4)
  3 death yaks (Shoals:2)
  5 deep troll shamans
  2 deep troll earth magi (Depths:2)
  4 vampire magi
  5 hell hogs
  7 hell knights
  3 spriggan berserkers
  21 dancing weapons
  A titan zombie (Crypt:3)
  3 spectral storm dragons (Zot:2)
  12 thrashing horrors
  37 skeletal warriors
  4 soul eaters
  A sun demon (Abyss:3)
  2 fire crabs (Abyss:3)
  16 deep elf knights
  2 storm dragon zombies
  2 shadow wraiths
  14 wretched stars
  A spectral yellow draconian (Zot:2)
  6 iron trolls
  A spectral green draconian (Zot:2)
  3 sea snakes
  A salamander mystic (Depths:4)
  3 sixfirhies
  A glowing orange brain (Abyss:1)
  An anaconda zombie (Crypt:2)
  An iron giant zombie (Crypt:3)
  4 flayed ghosts
  2 spatial maelstroms
  2 swamp dragons
  2 bunyip zombies (Crypt:3)
  9 deep elf archers
  31 deep trolls
  10 ironbound convokers
  An anaconda skeleton (Crypt:2)
  11 wizards
  12 lindwurms
  4 orc knights
  A golden dragon skeleton (Abyss:1)
  An iron giant skeleton (Crypt:2)
  22 harpies
  10 necromancers
  23 phantasmal warriors
  An iron dragon zombie (Crypt:2)
  16 orb spiders
  A bunyip skeleton (Crypt:2)
  31 deep elf pyromancers
  4 orc sorcerers
  24 wolf spiders
  An oklob plant (Lair:5)
  A wolf spider (shapeshifter) (Depths:3)
  A stone giant zombie (Crypt:3)
  An eleionoma zombie (Crypt:1)
  A tengu skeleton (Vaults:2)
  26 deep elf zephyrmancers
  18 fauns
  51 ugly things
  8 cyclopes
  A fire giant zombie (Vaults:1)
  3 worldbinders
  2 iron dragon skeletons
  17 manticores
  A frost giant zombie (D:15)
  33 moths of wrath
  8 elephants
  9 merfolk sirens
  2 human skeletons
  A dire elephant zombie (Crypt:3)
  3 salamanders (Depths:4)
  3 ice statues
  A frost giant skeleton (Depths:1)
  A stone giant skeleton (Vaults:2)
  2 rust devils
  9 apocalypse crabs
  7 black mambas
  9 water nymphs
  3 orange demons
  A guardian serpent (Abyss:2)
  2 spriggan zombies
  6 smoke demons
  13 vault sentinels
  2 gargoyles
  2 catoblepas zombies (Crypt:2)
  14 cane toads
  2 naga skeletons (Crypt:2)
  3 torpor snails
  An eye of devastation (Slime:5)
  A storm dragon simulacrum (Depths:2)
  2 unseen horrors (D:10)
  A hellion (Abyss:1)
  12 rime drakes
  Maggie (D:7)
  4 efreet
  4 kobold demonologists
  A spriggan skeleton (Crypt:2)
  7 freezing wraiths
  A komodo dragon (shapeshifter) (Elf:3)
  8 guardian mummies
  8 ice devils
  20 yaktaurs
  2 anaconda simulacra (IceCv)
  12 demonic crawlers
  An emperor scorpion zombie (Crypt:2)
  24 komodo dragons
  2 tengu conjurers
  4 harpy zombies (Crypt:3)
  An entropy weaver simulacrum (IceCv)
  14 merfolk
  11 ancient zymes
  A meliai (shapeshifter) (D:14)
  4 hellwings
  10 meliai
  6 trolls
  24 jumping spiders
  A queen bee (shapeshifter) (Vaults:5)
  13 hornets
  A spectral moth of wrath (Zot:2)
  A shadow dragon simulacrum (Zot:2)
  5 wind drakes
  4 polar bears
  2 tengu simulacra (Vaults:1)
  Grinder (D:5)
  A raiju (shapeshifter) (D:14)
  24 blink frogs
  2 ettin zombies
  5 snapping turtles
  14 dream sheep
  A hydra skeleton (Crypt:1)
  32 raiju
  A human simulacrum (Vaults:1)
  14 wraiths
  A dire elephant simulacrum (IceCv)
  92 redbacks
  3 spriggans
  13 air elementals
  13 flying skulls
  5 shadows
  20 tarantellas
  8 wyverns
  An ushabti (Crypt:3)
  7 ynoxinuls
  An ettin skeleton (Abyss:2)
  2 spriggans (shapeshifter)
  2 fire bats (Lair:4)
  2 vampires (Abyss:1)
  2 fire elementals
  A hog (Lair:5)
  28 water elementals
  5 golden eyes
  48 yaks
  A human (shapeshifter) (D:14)
  23 large abominations
  8 basilisks
  4 chaos spawn
  2 red draconian simulacra (Zot:2)
  11 neqoxecs
  A naga zombie (Crypt:3)
  7 vampire mosquitoes
  5 steam dragons
  5 harpy simulacra (IceCv)
  2 purple draconian simulacra (Zot:2)
  3 spatial vortices
  26 small abominations
  A naga (Abyss:2)
  4 wargs
  3 acid dragons
  17 water moccasins
  Duvessa (D:7)
  11 hell hounds
  2 moth of wrath simulacra (Zot:2)
  A floating eye (Depths:2)
  A deep troll skeleton (Crypt:1)
  64 starcursed masses
  A meliai simulacrum (D:14)
  3 ice beasts
  3 swamp drakes (Lair:6)
  2 black bears
  34 orc warriors
  4 ogres
  16 necrophages
  46 wolves
  A sky beast (D:5)
  6 boggarts
  21 centaurs
  13 kobold brigands
  2 human zombies
  13 bullfrogs
  A scorpion (D:5)
  8 wyvern skeletons (Crypt:3)
  Dowan (D:7)
  A yak zombie (Crypt:2)
  A water moccasin skeleton (D:4)
  5 killer bees
  11 wights (Abyss:2)
  8 electric eels
  A howler monkey (D:4)
  A wolf skeleton (Crypt:2)
  A bullfrog zombie (D:3)
  6 centaur zombies
  2 quasits
  A jelly (Abyss:2)
  3 centaur skeletons
  3 hounds
  22 orc priests
  4 iron imps
  11 iguanas
  26 orc wizards
  A spriggan simulacrum (IceCv)
  2 lightning spires (Abyss:3)
  15 hell rats
  A killer bee zombie (D:6)
  A killer bee simulacrum (D:8)
  11 adders
  3 gnolls (D:5)
  2 naga simulacra (IceCv)
  5 river rats (Lair:2)
  A swamp drake skeleton (Crypt:1)
  8 white imps
  6 ufetubi
  A lava snake zombie (Crypt:1)
  An adder skeleton (D:4)
  3 worms
  2 dart slugs (D:1)
  68 orcs
  7 endoplasms
  4 giant cockroaches
  4 goblins
  5 hobgoblins
  4 quokkas
  3 training dummies (D:15)
  11 ball pythons
  5 bats
  A dart slug zombie (Crypt:1)
  2 frilled lizards
  A goblin skeleton (Crypt:1)
  14 kobolds
  A kobold zombie (Crypt:1)
  12 rats
  A lurking horror (Abyss:1)
  10 starspawn tentacles
2646 creatures vanquished.

Vanquished Creatures (collateral kills)
  A dread lich (Zot:2)
  Mennas (Abyss:1)
  A Killer Klown (Zot:4)
  2 tentacled starspawn
  A golden dragon (Vaults:5)
  An Orb Guardian (Zot:5)
  Donald (Shoals:4)
  A walking crystal tome (Depths:3)
  A draconian scorcher (Depths:4)
  An iron dragon (Depths:3)
  A draconian shifter (Zot:1)
  A very ugly thing (Depths:3)
  A black draconian (Depths:4)
  7 vault guards
  A merfolk impaler (Shoals:4)
  An ironbound thunderhulk (Vaults:4)
  A wretched star (Abyss:2)
  A sea snake (Shoals:4)
  A glowing orange brain (Abyss:2)
  3 deep trolls (Vaults:2)
  A necromancer (Vaults:5)
  An ugly thing (Vaults:2)
  A smoke demon (Abyss:3)
  A merfolk (Shoals:4)
  A snapping turtle (Shoals:4)
  A raiju (Abyss:3)
  5 flying skulls (Abyss:2)
  A water elemental (Shoals:4)
  A fire bat (Lair:4)
  An orc warrior (Orc:2)
  A wolf (D:8)
  2 orc priests (Orc:2)
  3 orcs
  2 kobolds (D:8)
  A starspawn tentacle (Abyss:2)
52 creatures vanquished.

Vanquished Creatures (others)
  A titan (Shoals:4)
  An eldritch tentacle (Zot:4)
  A reaper (IceCv)
  A fire giant (Zot:3)
  2 merfolk impalers (Shoals:4)
  3 merfolk javelineers (Shoals:4)
  A rakshasa (D:15)
  A hydra (D:10)
  An ogre mage (D:10)
  A catoblepas (D:10)
  A centaur warrior (D:10)
  A satyr (Shoals:4)
  A deep troll (Vaults:2)
  A harpy (Shoals:4)
  2 lindwurms (Volcano)
  A wizard (Abyss:1)
  A deep elf pyromancer (Elf:3)
  3 cyclopes (D:10)
  An ugly thing (D:10)
  An elephant (Lair:4)
  3 smoke demons (Volcano)
  A guardian serpent (shapeshifter) (Abyss:3)
  A rime drake (Lair:6)
  An entropy weaver simulacrum (IceCv)
  A merfolk (Shoals:4)
  A hornet (Spider:4)
  A snapping turtle (Shoals:4)
  A water elemental (Shoals:4)
  2 humans (Lair:6)
  A steam dragon (Volcano)
  A vampire mosquito (D:10)
  A spatial vortex (Abyss:3)
  A hell hound (Volcano)
  An orc wizard (Orc:2)
  An orc (Orc:2)
  A butterfly (Zot:4)
  A demonic plant (Gauntlet)
  32 fungi
  129 plants
  37 starspawn tentacles
  4 tentacles (Shoals:2)
  13 withered plants
261 creatures vanquished.

Grand Total: 2959 creatures vanquished

Table legend:
 A = Non-vault XP
 B = Vault XP
 C = Vault XP percentage of total XP
 D = Non-vault monster count
 E = Vault monster count
 F = Vault count percentage of total count
                 A         B        C        D         E       F
            +---------+---------+-------+---------+---------+-------
      Total |  832755 |  799773 |  49.0 |    1684 |    1113 |  39.8
            +---------+---------+-------+---------+---------+-------
        D:1 |      26 |       0 |   0.0 |      13 |       0 |   0.0
        D:2 |      43 |       0 |   0.0 |      19 |       0 |   0.0
        D:3 |     250 |      21 |   7.7 |      24 |       6 |  20.0
        D:4 |     524 |       0 |   0.0 |      21 |       0 |   0.0
        D:5 |     512 |     267 |  34.3 |      10 |       1 |   9.1
        D:6 |     573 |       0 |   0.0 |       9 |       0 |   0.0
        D:7 |     948 |     590 |  38.4 |      11 |       3 |  21.4
        D:8 |    1055 |    1895 |  64.2 |      25 |      14 |  35.9
        D:9 |    1692 |     142 |   7.7 |      15 |       2 |  11.8
       D:10 |    4126 |    1533 |  27.1 |      18 |      11 |  37.9
       D:11 |     935 |       0 |   0.0 |       9 |       0 |   0.0
       D:12 |    3584 |       0 |   0.0 |      16 |       0 |   0.0
       D:13 |    7477 |       0 |   0.0 |      18 |       0 |   0.0
       D:14 |   12591 |   23836 |  65.4 |      28 |      53 |  65.4
       D:15 |   20833 |    8364 |  28.6 |      36 |      13 |  26.5
     Lair:1 |    2505 |     485 |  16.2 |      11 |       2 |  15.4
     Lair:2 |    4886 |    2212 |  31.2 |      18 |      20 |  52.6
     Lair:3 |    5116 |    1781 |  25.8 |      23 |       8 |  25.8
     Lair:4 |    6180 |    1401 |  18.5 |      18 |      10 |  35.7
     Lair:5 |   11476 |    3443 |  23.1 |      44 |      27 |  38.0
     Lair:6 |   11870 |   16104 |  57.6 |      35 |      38 |  52.1
   Shoals:1 |   12216 |    2562 |  17.3 |      25 |       7 |  21.9
   Shoals:2 |   10180 |   11935 |  54.0 |      24 |      15 |  38.5
   Shoals:3 |   13358 |    1469 |   9.9 |      30 |       1 |   3.2
   Shoals:4 |   12035 |   18252 |  60.3 |      24 |      43 |  64.2
   Spider:1 |   16350 |       0 |   0.0 |      39 |       0 |   0.0
   Spider:2 |   21709 |       0 |   0.0 |      63 |       0 |   0.0
   Spider:3 |    8583 |       0 |   0.0 |      29 |       0 |   0.0
   Spider:4 |   17003 |   23105 |  57.6 |      38 |      50 |  56.8
    Slime:1 |    1573 |       0 |   0.0 |       5 |       0 |   0.0
    Slime:2 |    2350 |       0 |   0.0 |       5 |       0 |   0.0
    Slime:4 |    5095 |       0 |   0.0 |       8 |       0 |   0.0
    Slime:5 |   22858 |   21259 |  48.2 |      36 |      17 |  32.1
      Orc:1 |    3221 |    1473 |  31.4 |      29 |       9 |  23.7
      Orc:2 |    3544 |   13521 |  79.2 |      29 |      70 |  70.7
      Elf:1 |   16378 |    9186 |  35.9 |      27 |      17 |  38.6
      Elf:2 |    5288 |   31432 |  85.6 |       8 |      44 |  84.6
      Elf:3 |   27427 |   23848 |  46.5 |      51 |      20 |  28.2
   Vaults:1 |   10419 |    8802 |  45.8 |      16 |      13 |  44.8
   Vaults:2 |   28135 |   25505 |  47.5 |      49 |      35 |  41.7
   Vaults:3 |   11755 |   20316 |  63.3 |      16 |      22 |  57.9
   Vaults:4 |   17908 |   32588 |  64.5 |      27 |      44 |  62.0
   Vaults:5 |   14067 |  102114 |  87.9 |      15 |      83 |  84.7
    Crypt:1 |   27045 |       0 |   0.0 |      39 |       0 |   0.0
    Crypt:2 |   13153 |    7727 |  37.0 |      23 |      14 |  37.8
    Crypt:3 |       0 |   65590 | 100.0 |       0 |     110 | 100.0
   Depths:1 |   24611 |   14454 |  37.0 |      36 |      17 |  32.1
   Depths:2 |   22174 |   15829 |  41.7 |      30 |      16 |  34.8
   Depths:3 |   19756 |   65504 |  76.8 |      28 |      54 |  65.9
   Depths:4 |   24176 |   13502 |  35.8 |      22 |      10 |  31.2
      Zot:1 |   48858 |   25864 |  34.6 |      42 |      22 |  34.4
      Zot:2 |   27552 |   14796 |  34.9 |      22 |      16 |  42.1
      Zot:3 |   48066 |   15990 |  25.0 |      41 |      14 |  25.5
      Zot:4 |   20966 |   59838 |  74.1 |      17 |      42 |  71.2
      Zot:5 |   15060 |   53691 |  78.1 |      13 |      21 |  61.8
    Abyss:1 |   80016 |   11603 |  12.7 |     150 |       8 |   5.1
    Abyss:2 |   60060 |    5556 |   8.5 |     158 |       7 |   4.2
    Abyss:3 |   22608 |    8592 |  27.5 |      49 |      24 |  32.9
      IceCv |       0 |    5196 | 100.0 |       0 |      21 | 100.0
    Volcano |       0 |    4292 | 100.0 |       0 |      12 | 100.0
   Gauntlet |       0 |    2308 | 100.0 |       0 |       7 | 100.0
            +---------+---------+-------+---------+---------+-------

Illustrated notes

Table legend:
 A = Kills in this place as a percentage of kills in entire the game.
 B = Kills by you in this place as a percentage of kills by you in the entire game.
 C = Kills by friends in this place as a percentage of kills by friends in the entire game.
 D = Other kills in this place as a percentage of other kills in the entire game.
 E = Experience gained in this place as a percentage of experience gained in the entire game.
 F = Experience gained in this place divided by the number of levels of this place that you have seen.
                   A       B       C       D       E      F
               +-------+-------+-------+-------+-------+----------------------
         Total | 100.0 | 100.0 | 100.0 | 100.0 | 100.0 | 22993.4
       Dungeon |  13.4 |  13.3 |  17.6 |  14.8 |   5.6 | 6121.1
          Lair |   9.1 |   9.6 |   2.0 |   2.2 |   4.1 | 11243.2
        Shoals |   6.0 |   5.5 |  11.8 |  14.8 |   5.0 | 20501.8
   Spider Nest |   7.8 |   7.8 |   0.0 |  11.1 |   5.3 | 21687.5
    Slime Pits |   2.5 |   2.7 |   0.0 |   0.7 |   3.3 | 10627.0
  Orcish Mines |   4.9 |   4.8 |   7.8 |   5.2 |   1.3 | 10879.5
   Elven Halls |   6.0 |   6.0 |   0.0 |   7.4 |   7.0 | 37853.0
        Vaults |  11.4 |  11.2 |  19.6 |  12.6 |  16.6 | 54321.8
         Crypt |   6.6 |   6.9 |   0.0 |   3.7 |   7.0 | 37838.3
        Depths |   7.6 |   7.5 |   9.8 |   9.6 |  12.3 | 50001.5
           Zot |   8.9 |   9.3 |   7.8 |   1.5 |  20.3 | 66136.2
         Abyss |  14.2 |  14.1 |  23.5 |  12.6 |  11.5 | 15702.9
      Ice Cave |   0.8 |   0.8 |   0.0 |   0.7 |   0.3 | 5196.0
       Volcano |   0.4 |   0.3 |   0.0 |   3.0 |   0.3 | 4292.0
      Gauntlet |   0.3 |   0.3 |   0.0 |   0.0 |   0.1 | 2308.0
               +-------+-------+-------+-------+-------+----------------------

Table legend: (Time is in decaauts)
 A = Elapsed time spent in this place.
 B = Non-inter-level travel time spent in this place.
 C = Inter-level travel time spent in this place.
 D = Time resting spent in this place.
 E = Time spent auto-exploring this place.
 F = Levels seen in this place.
 G = Mean time per level.
                   A        B        C        D        E       F      G
               +--------+--------+--------+--------+--------+-----+--------+
         Total |  83817 |  77045 |   6772 |  14170 |  42438 |  71 | 1180.5 |
       Dungeon |  19874 |  17832 |   2042 |   2168 |  12778 |  15 | 1324.9 |
          Lair |  15051 |  13971 |   1080 |   3896 |   7734 |   6 | 2508.5 |
        Shoals |   5084 |   4738 |    346 |   1087 |   2107 |   4 | 1271.0 |
   Spider Nest |   3499 |   3289 |    210 |    126 |   2349 |   4 |  874.8 |
    Slime Pits |   1497 |   1449 |     48 |    268 |    570 |   5 |  299.4 |
  Orcish Mines |   2595 |   2288 |    307 |    251 |   1458 |   2 | 1297.5 |
   Elven Halls |   3359 |   3229 |    130 |    116 |   2064 |   3 | 1119.7 |
        Vaults |   7072 |   6257 |    815 |    211 |   4705 |   5 | 1414.4 |
         Crypt |   3951 |   3406 |    545 |    170 |   2148 |   3 | 1317.0 |
        Depths |   6816 |   5925 |    891 |   1032 |   2884 |   4 | 1704.0 |
           Zot |   6194 |   5842 |    352 |    913 |   2935 |   5 | 1238.8 |
         Abyss |   3920 |   3920 |      0 |    695 |     99 |  12 |  326.7 |
      Ice Cave |   3005 |   3005 |      0 |   2281 |    222 |   1 | 3005.0 |
       Volcano |   1060 |   1060 |      0 |    627 |     86 |   1 | 1060.0 |
      Gauntlet |    833 |    833 |      0 |    325 |    294 |   1 |  833.0 |
               +--------+--------+--------+--------+--------+-----+--------+

Top non-repeatable levels by time:
  Lair:6: 3677 daAuts
  Lair:5: 3628 daAuts
    D:10: 3168 daAuts
   IceCv: 3005 daAuts
Depths:3: 2642 daAuts
  Lair:4: 2223 daAuts
 Crypt:3: 2118 daAuts
  Lair:3: 2062 daAuts
   Zot:4: 1889 daAuts
  Lair:2: 1871 daAuts
 Abyss:1: 1866 daAuts
Shoals:1: 1779 daAuts
Vaults:5: 1748 daAuts
     D:8: 1648 daAuts
    D:14: 1614 daAuts
